 Dungeon Crawl Stone Soup version 0.31-a0-656-gb4d89c20fa (webtiles) character file.

Game seed: 6442598693772733247

8199396 Ofeo the Plane Walker (level 27, 199/199 HPs)
             Began as a Kobold Enchanter on Aug 26, 2023.
             Was a High Priest of Ashenzari.
             Escaped with the Orb
             ... and 15 runes on Aug 30, 2023!
             The game lasted 08:20:47 (221651 turns).

Ofeo the Plane Walker (Kobold Enchanter)          Turns: 221651, Time: 08:20:47

Health: 199/199    AC: 27    Str:  8    XL:     27
Magic:  68/68      EV: 54    Int:  9    God:    Ashenzari [*****.]
Gold:   20955      SH: 14    Dex: 33    Spells: 18/80 levels left

rFire   . . .        b - +9 quick blade (holy)
rCold   + + .        X - +0 buckler of the Unyielding Gaze {Harm *Slow rPois Slay+4, Fort, Self} (curse)
rNeg    + + .        M - +5 moon troll leather armour {Spirit, Regen++ MP+5, Self, Fort} (curse)
rPois   +            S - +2 helmet of Supernal Gnosis {rC+ MP+9 Str-3 Slay+6, Cun, Fort} (curse)
rElec   +            n - +4 dragonskin cloak {Dev, Fort} (curse)
rCorr   +            V - +1 pair of gloves "Gnostic Seeker" {Harm Rampage rF- Dex+7, Bglg, Fort} (curse)
SInv    +            Z - +2 pair of slick slippers {slick, slippery, EV+4, Fort, Cun} (curse)
Will    ++++.        f - necklace of Bloodlust {Fury *Rage Will++ Int-3 Slay+6, Bglg, Fort} (curse)
Stlth   ++++         Y - ring of the Astral Sage {Fly rF+ rC+ rN+ rCorr, Self, Comp} (curse)
HPRegen 2.13/turn    E - ring "Thunder Perfect Mind" {Fly rN+ Slay+6, Comp, Self} (curse)
MPRegen 0.41/turn

%: slow self (1%), harm (+45% outgoing, +30% incoming), clarity, guardian
spirit, rampage
@: flying, studying 5 skills
A: small, no large weapons, nightstalker 3, camouflage 1, dopey 2, sense
surroundings 1, electricity resistance, strong 1, wild magic 1, inability to
drink after injury 1
0: Orb of Zot
}: 15/15 runes: barnacled, slimy, silver, golden, iron, obsidian, icy, bone,
abyssal, demonic, glowing, magical, fiery, dark, gossamer
a: Renounce Religion, Curse Item, Shatter the Chains


You escaped.
You worshipped Ashenzari.
Ashenzari was extremely pleased with you.
You visited 18 branches of the dungeon, and saw 88 of its levels.
You visited Pandemonium 3 times, and saw 58 of its levels.
You visited the Abyss 4 times.
You also visited: Bailey, Gauntlet, Ice Cave, Volcano, Wizlab and Desolation.

You collected 24750 gold pieces.
You spent 3795 gold pieces at shops.

Inventory:

Hand Weapons
 b - a +9 quick blade of holy wrath (weapon)
Missiles
 x - 92 boomerangs
 F - 27 curare-tipped darts
 Q - 8 throwing nets
Armour
 g - the +7 chain mail "Foydisob" {Harm rF+ rCorr Int-4}
   (You found it in Pandemonium)

   Int-4:     It affects your intelligence (-4).
   rF+:       It protects you from fire.
   rCorr:     It protects you from acid and corrosion.
   Harm:      It increases damage dealt and taken.
 n - the cursed +4 dragonskin cloak (worn) {Dev, Fort}
   (You took it off Tiamat on level 1 of the Realm of Zot)

   Avatar's Aegis: It grants the wearer a chance to resist fire, cold, poison,
   electricity, acid, and negative energy.
   It has a curse which improves the following skills: Devices: Evocations and
   Shapeshifting.
   Fortitude: Armour and Shields.
 M - the cursed +5 moon troll leather armour (worn) {Spirit, Regen++ MP+5, Self, Fort}
   (You found it on level 3 of the Crypt)

   MP+5:      It affects your magic capacity (+5).
   Regen++:   It increases your rate of health regeneration.
   It has a curse which improves the following skills: Introspection: Fighting
   and Spellcasting.
   Fortitude: Armour and Shields.
 S - the cursed +2 helmet of Supernal Gnosis (worn) {rC+ MP+9 Str-3 Slay+6, Cun, Fort}
   (You found it on level 2 of the Shoals)

   Str-3:     It affects your strength (-3).
   Slay+6:    It affects your accuracy & damage with ranged weapons and melee
   (+6).
   rC+:       It protects you from cold.
   MP+9:      It affects your magic capacity (+9).
   It has a curse which improves the following skills: Cunning: Dodging and
   Stealth.
   Fortitude: Armour and Shields.
 V - the cursed +1 pair of gloves "Gnostic Seeker" (worn) {Harm Rampage rF- Dex+7, Bglg, Fort}
   (You acquired it on level 3 of the Elven Halls)

   Dex+7:     It affects your dexterity (+7).
   rF-:       It makes you vulnerable to fire.
   Harm:      It increases damage dealt and taken.
   Rampage:   It bestows one free step when moving towards enemies.
   It has a curse which improves the following skills: Beguiling: Conjurations,
   Hexes and Translocations.
   Fortitude: Armour and Shields.
 X - the cursed +0 buckler of the Unyielding Gaze (worn) {Harm *Slow rPois Slay+4, Fort, Self}
   (You found it in the Desolation of Salt)

   Slay+4:    It affects your accuracy & damage with ranged weapons and melee
   (+4).
   rPois:     It protects you from poison *Slow: It may slow you when you take
   damage.
   Harm:      It increases damage dealt and taken.
   It has a curse which improves the following skills: Fortitude: Armour and
   Shields.
   Introspection: Fighting and Spellcasting.
 Z - the cursed +2 pair of slick slippers (worn) {slick, slippery, EV+4, Fort, Cun}
   (You found it on level 3 of the Elven Halls)

   Slick:     Its wearer cannot be constricted, engulfed, netted or webbed.
   Slippery:  Its wearer slips away from damaging melee attacks, pulling the
   attacker onward.
   EV+4:      It affects your evasion (+4).
   It has a curse which improves the following skills: Fortitude: Armour and
   Shields.
   Cunning:   Dodging and Stealth.
Jewellery
 f - the cursed necklace of Bloodlust (around neck) {Fury *Rage Will++ Int-3 Slay+6, Bglg, Fort}
   (You took it off a deep elf archer on level 3 of the Elven Halls)

   [amulet of nothing]

   Fury:      It extends the wearer's berserk rage when killing foes.
   Int-3:     It affects your intelligence (-3).
   Slay+6:    It affects your accuracy & damage with ranged weapons and melee
   (+6).
   Will++:    It greatly increases your willpower.
   *Rage:     It berserks you when you make melee attacks (+50% chance).
   It has a curse which improves the following skills: Beguiling: Conjurations,
   Hexes and Translocations.
   Fortitude: Armour and Shields.
 i - a +5 ring of evasion
 p - the ring of Scepticism {Wiz rCorr Int+2 SInv}
   (You found it on level 3 of the Tomb of the Ancients)

   [ring of wizardry]

   Wiz:       It improves your spell success rate.
   Int+2:     It affects your intelligence (+2).
   SInv:      It lets you see invisible.
   rCorr:     It protects you from acid and corrosion.
 E - the cursed ring "Thunder Perfect Mind" (right hand) {Fly rN+ Slay+6, Comp, Self}
   (You found it on level 3 of the Crypt)

   [ring of positive energy]

   Slay+6:    It affects your accuracy & damage with ranged weapons and melee
   (+6).
   rN+:       It protects you from negative energy.
   Fly:       It grants you flight.
   It has a curse which improves the following skills: Companions: Summonings
   and Necromancy.
   Introspection: Fighting and Spellcasting.
 Y - the cursed ring of the Astral Sage (left hand) {Fly rF+ rC+ rN+ rCorr, Self, Comp}
   (You found it on level 2 of the Elven Halls)

   [ring of flight]

   rF+:       It protects you from fire.
   rC+:       It protects you from cold.
   rN+:       It protects you from negative energy.
   Fly:       It grants you flight.
   rCorr:     It protects you from acid and corrosion.
   It has a curse which improves the following skills: Introspection: Fighting
   and Spellcasting.
   Companions: Summonings and Necromancy.
Talismans
 N - a talisman of death
Wands
 k - a wand of roots (143)
 D - a wand of quicksilver (46)
 K - a wand of digging (72) {@v1}
 W - a wand of charming (135)
Scrolls
 d - 12 scrolls of fear
 j - 15 scrolls of vulnerability
 o - 12 scrolls of enchant armour
 t - 2 scrolls of butterflies
 v - 15 scrolls of amnesia
 y - 20 scrolls of fog
 z - 20 scrolls of revelation
 A - 13 scrolls of immolation
 C - 29 scrolls of teleportation {@r3}
 H - a scroll of silence
 L - 21 scrolls of blinking {@r4}
Potions
 a - 13 potions of ambrosia
 c - 11 potions of brilliance
 e - 11 potions of enlightenment
 h - 11 potions of heal wounds {@q2}
 l - 12 potions of lignification
 m - 18 potions of might {@q4}
 q - 41 potions of curing {@q1}
 r - a potion of resistance {@q6}
 s - 7 potions of haste {@q3}
 w - 8 potions of cancellation
 B - 7 potions of mutation
 I - 16 potions of invisibility
 R - 11 potions of berserk rage
 T - 7 potions of magic
Miscellaneous
 u - a phantom mirror
 G - a condenser vane
 J - a lightning rod (4/4)
 O - a phial of floods
 P - a sack of spiders
 U - a figurine of a ziggurat


   Skills:
 - Level 22.8(27) Fighting
 O Level 27 Short Blades
 + Level 23.0(25.3) Long Blades
 - Level 16.0 Throwing
 - Level 19.8(27) Armour
 - Level 24.3(27) Dodging
 - Level 24.4(27) Stealth
 - Level 19.8(27) Shields
 O Level 27 Unarmed Combat
 O Level 27 Spellcasting
 - Level 3.2(5.9) Conjurations
 - Level 12.8(15.9) Hexes
 - Level 15.0(18.0) Summonings
 - Level 3.1(5.8) Necromancy
 O Level 27 Translocations
 - Level 20.8 Transmutations
 - Level 9.8 Air Magic
 - Level 6.6 Earth Magic
 - Level 19.5(21.4) Evocations
 O Level 27 Shapeshifting


You had 18 spell levels left.
You knew the following spells:

 Your Spells              Type           Power      Damage    Failure   Level
a - Vhi's Electric Charg  Tloc/Air       100%       N/A       1%          4
c - Summon Cactus Giant   Summ           27%        N/A       1%          6
d - Wereblood             Tmut           59%        N/A       1%          2
e - Summon Hydra          Summ           27%        N/A       3%          7
f - Manifold Assault      Tloc           68%        N/A       1%          4
g - Passwall              Tmut/Erth      39%        N/A       1%          2
i - Enfeeble              Hex            26%        N/A       6%          7
j - Borgnjor's Vile Clut  Necr/Erth      15%        N/A       10%         5
k - Yara's Violent Unrav  Hex/Tmut       28%        3d12      1%          5
l - Summon Mana Viper     Hex/Summ       53%        N/A       1%          5
m - Disjunction           Tloc           34%        N/A       1%          8
n - Malign Gateway        Summ/Tloc      31%        N/A       1%          7

Your spell library contained the following spells:

 Spells                   Type           Power      Damage    Failure   Level
 Apportation              Tloc           100%       N/A       1%          1
 Foxfire                  Conj/Fire      88%        2x1d8     1%          1
 Kiss of Death            Conj/Necr      100%       2d13      1%          1
 Magic Dart               Conj           100%       1d8       1%          1
 Necrotise                Necr           100%       1d9       1%          1
 Sandblast                Erth           62%        2d14      1%          1
 Shock                    Conj/Air       100%       1d9       1%          1
 Slow                     Hex            100%       N/A       1%          1
 Summon Small Mammal      Summ           100%       N/A       1%          1
 Blink                    Tloc           100%       N/A       1%          2
 Call Imp                 Summ           100%       N/A       1%          2
 Cigotuvi's Dreadful Rot  Necr/Pois/Air  56%        N/A       1%          2
 Ensorcelled Hibernation  Hex/Ice        68%        N/A       1%          2
 Lesser Beckoning         Tloc           100%       N/A       1%          2
 Momentum Strike          Conj/Tloc      100%       3d10      1%          2
 Poisonous Vapours        Pois/Air       54%        N/A       1%          2
 Searing Ray              Conj           58%        2d6       1%          2
 Static Discharge         Conj/Air       68%        2-5/arc   1%          2
 Sublimation of Blood     Necr           29%        N/A       1%          2
 Call Canine Familiar     Summ           55%        N/A       1%          3
 Confusing Touch          Hex            52%        N/A       1%          3
 Dazzling Flash           Conj/Hex       82%        N/A       1%          3
 Gell's Gravitas          Tloc           68%        N/A       1%          3
 Ignite Poison            Fire/Tmut/Pois 32%        N/A       1%          3
 Inner Flame              Hex/Fire       34%        N/A       1%          3
 Portal Projectile        Hex/Tloc       100%       N/A       1%          3
 Stone Arrow              Conj/Erth      60%        3d10      1%          3
 Summon Guardian Golem    Hex/Summ       53%        N/A       1%          3
 Swiftness                Air            38%        N/A       1%          3
 Teleport Other           Tloc           68%        N/A       1%          3
 Tukima's Dance           Hex            52%        N/A       1%          3
 Vampiric Draining        Necr           29%        2d8       1%          3
 Volatile Blastmotes      Fire/Tloc      94%        2d17      1%          3
 Airstrike                Air            19%        2d(3-19)  1%          4
 Anguish                  Hex/Necr       20%        N/A       1%          4
 Animate Armour           Summ/Erth      88%        N/A       1%          4
 Cause Fear               Hex            26%        N/A       1%          4
 Fulminant Prism          Conj/Hex       20%        3d12      1%          4
 Iskenderun's Mystic Bla  Conj/Tloc      53%        2d11      1%          4
 Leda's Liquefaction      Hex/Erth       21%        N/A       1%          4
 Passage of Golubria      Tloc           68%        N/A       1%          4
 Petrify                  Tmut/Erth      47%        N/A       1%          4
 Summon Ice Beast         Ice/Summ       36%        N/A       1%          4
 Summon Lightning Spire   Summ/Air       48%        N/A       1%          4
 Irradiate                Conj/Tmut      23%        3d19      1%          5
 Summon Forest            Summ/Tloc      31%        N/A       1%          5
 Dispersal                Tloc           34%        N/A       1%          6
 Mephitic Cloud           Conj/Pois/Air  28%        N/A       2%          3
 Alistair's Intoxication  Tmut/Pois      26%        N/A       2%          5
 Monstrous Menagerie      Summ           27%        N/A       3%          7
 Hailstorm                Conj/Ice       22%        3d7       4%          3
 Animate Dead             Necr           29%        N/A       4%          4
 Dispel Undead            Necr           29%        3d13      4%          4
 Freeze                   Ice            60%        1d7       5%          1
 Arcjolt                  Conj/Air       17%        1d27      5%          5
 Metabolic Englaciation   Hex/Ice        17%        N/A       5%          5
 Scorch                   Fire           30%        2d6       7%          2
 Lee's Rapid Deconstruct  Erth           15%        3d10*     9%          5
 Eringya's Noxious Bog    Tmut/Pois      20%        4d6       10%         6
 Iskenderun's Battlesphe  Conj           29%        2d8       11%         5
 Agony                    Necr           29%        N/A       12%         5
 Frozen Ramparts          Ice            30%        1d5       13%         3
 Ozocubu's Armour         Ice            15%        N/A       13%         3
 Flame Wave               Conj/Fire      22%        2d8       13%         4
 Sticky Flame             Conj/Fire      22%        2d4       13%         4
 Freezing Cloud           Conj/Ice/Air   14%        6-21      14%         5
 Summon Horrible Things   Summ           27%        N/A       17%         8
 Conjure Ball Lightning   Conj/Air       17%        3x3d6     26%         6
 Haunt                    Necr/Summ      21%        N/A       26%         7
 Spellforged Servitor     Conj/Summ      21%        N/A       26%         7
 Fireball                 Conj/Fire      11%        3d7       32%         5
 Olgreb's Toxic Radiance  Pois           15%        N/A       36%         4
 Discord                  Hex            26%        N/A       36%         8
 Leda's Unmaking          Conj/Erth      15%        9d3       43%         6
 Death Channel            Necr           14%        N/A       47%         6
 Plasma Beam              Fire/Air       13%        2x1d24    61%         6
 Simulacrum               Ice/Necr       11%        N/A       86%         6
 Starburst                Conj/Fire      11%        6d5       86%         6
 Dragon's Call            Summ           27%        N/A       92%         9
 Maxwell's Capacitive Co  Air            19%        ∞         99%         8
 Ozocubu's Refrigeration  Ice            7%         4d9       100%        7
 Borgnjor's Revivificati  Necr           14%        N/A       100%        8
 Ignition                 Fire           7%         3d5       100%        8
 Infestation              Necr           14%        N/A       100%        8
 Lehudib's Crystal Spear  Conj/Erth      15%        10d5      100%        8
 Chain Lightning          Conj/Air       17%        3d22      100%        9
 Death's Door             Necr           14%        N/A       100%        9
 Fire Storm               Conj/Fire      11%        8d3       100%        9
 Polar Vortex             Ice            7%         12d1*     100%        9
 Shatter                  Erth           15%        3d15*     100%        9


Dungeon Overview and Level Annotations

Branches:
Dungeon (15/15)            Temple (1/1) D:5            Lair (5/5) D:9
 Shoals (4/4) Lair:2       Spider (4/4) Lair:2        Slime (5/5) Lair:4
    Orc (2/2) D:12            Elf (3/3) Orc:2        Vaults (5/5) D:14
  Crypt (3/3) Vaults:3       Tomb (3/3) Crypt:3      Depths (4/4) D:15
   Hell (visited)             Dis (7/7) Hell            Geh (7/7) Hell
    Coc (7/7) Hell            Tar (7/7) Hell            Zot (5/5) Depths:4
 Bailey (visited)           IceCv (visited)         Volcano (visited)
 WizLab (visited)         Desolation (visited)      Gauntlet (visited)

Altars:
Ashenzari
Cheibriados
Dithmenos
Elyvilon
Fedhas
Gozag
Hepliaklqana
Kikubaaqudgha
Makhleb
Nemelex Xobeh
Okawaru
Qazlal
Ru
Sif Muna
Trog
Uskayaw
Vehumet
Wu Jian
Xom
Yredelemnul
Zin
The Shining One
Jiyva
Lugonu

Shops:
D:1 ::   D:15 :   Orc:1 !   Orc:2 [*:(   Elf:3 :   Vaults:1 ?   Vaults:2 (
Vaults:5 =*   Depths:3 :

Portals:
Hell: Depths:1 Depths:2 Depths:3 Depths:4
Abyss: Depths:1 Depths:3
Pandemonium: Depths:1 Depths:2
Ziggurat: Depths:4


Innate Abilities, Weirdness & Mutations

You are small and have problems with some larger weapons.
You are completely attuned to the shadows.
Your skin changes colour to match your surroundings (Stealth+).
You are very dopey. (Int -4)
You passively map a small area around you.
You are resistant to electric shocks. (rElec)
Your muscles are strong. (Str +4, Int/Dex -1)
Your spells are a little harder to cast, but a little more powerful.
You occasionally lose the ability to drink potions when taking damage.


Message History

Amoc comes into view. It is armed with a distorting touch.
There is a stone staircase leading up here.
You fly upwards.
There is a stone staircase leading down here.
You sense a monster nearby.
Aiming: Dig
Press: ? - help, Shift-Dir - straight line This square is covered in magical glow.
The rock shatters into small pieces.
A blizzard demon comes into view.
The blizzard demon completely misses you.
You block the blizzard demon's attack. The blizzard demon gestures at you.
The freezing blast misses you.
You hit the blizzard demon.
The blizzard demon convulses!
You barely miss the blizzard demon.
The blizzard demon is moderately wounded.
You are engulfed in freezing vapours.
You resist.
You puncture the blizzard demon!
The blizzard demon convulses!
You hit the blizzard demon.
The blizzard demon convulses.
The blizzard demon is severely wounded.
You are engulfed in freezing vapours.
You resist.
The blizzard demon is engulfed in freezing vapours.
The blizzard demon completely misses you. x2
You hit the blizzard demon.
The blizzard demon convulses.
You barely miss the blizzard demon.
The blizzard demon is severely wounded.
You are engulfed in freezing vapours.
You resist.
You impale the blizzard demon!!
You kill the blizzard demon!
You are engulfed in freezing vapours.
You resist.
You are engulfed in freezing vapours.
You resist.
Aiming: Dig
Press: ? - help, Shift-Dir - straight line A rock wall.
This square is covered in magical glow.
The rock shatters into small pieces.
There is an open door here.
There is a staircase leading out of the dungeon here.
You have escaped!

...# ##'## #.>## ##'##
...###...######...######...##
'#.##.......................#
.#.##..⌠........⌠........⌠..#
.#.##.......................#
....##...######...######...##
##..###### #####'##### #####
....# ##.........## ### ##..#
#..♣..@..♣..# #.. #...#
##.........## #.#
....###########################.#
..#.............................#
..#.####.........##......#####...
#................###.#>.###..'...
####.##..........# #.#.## #.##...
.....##..........# #...# #.##...
#######..........# ##### #.##...


There were no monsters in sight!

Vanquished Creatures
  Cerebov (Pan)
  Antaeus (Coc:7)
  48 pandemonium lords
  the Royal Jelly (Slime:5)
  Asmodeus (Geh:7)
  Gloorx Vloq (Pan)
  A seraph (Pan)
  the Serpent of Hell (Tar:7)
  Ignacio (Pan)
  Ereshkigal (Tar:7)
  Mnoleg (Pan)
  Lom Lobon (Pan)
  11 dread liches
  Dispater (Dis:7)
  2 ancient liches
  7 orbs of fire (Zot:5)
  Mennas (Pan)
  5 juggernauts
  Mara (Depths:1)
  Sojobo (Depths:1)
  39 royal mummies
  Vv (Zot:2)
  4 Killer Klowns (Zot:5)
  2 shard shrikes (Coc:7)
  4 curse toes
  Saint Roka (Abyss:1)
  Norris (Abyss:3)
  13 golden dragons
  29 caustic shrikes
  Geryon (Hell)
  Arachne (Spider:2)
  the Enchantress (Depths:3)
  5 profane servitors
  2 pearl dragons (Pan)
  21 bone dragons
  11 doom hounds
  47 Tzitzimimeh
  4 electric golems
  17 iron giants
  A spectral shard shrike (Tar:2)
  A shard shrike zombie (Crypt:1)
  Rupert (D:15)
  14 tentacled monstrosities
  52 Hell Sentinels
  29 Orb Guardians
  2 walking earthen tomes (Depths:3)
  40 Brimstone Fiends
  50 Ice Fiends
  19 hellephants
  14 tainted leviathans
  7 quicksilver dragons
  A shard shrike skeleton (Tar:7)
  9 liches
  20 searing wretches
  Asterion (Depths:1)
  2 deep elf blademasters
  25 titans
  14 acid blobs
  Mlioglotl (Spider:1)
  2 deep elf master archers (Elf:3)
  5 tentacled starspawn
  102 Executioners
  11 death cobs
  26 ancient champions
  13 sphinxes
  The ghost of Tainn the Hoplite, an adept MiFi of Okawaru (Shoals:1)
  13 shadow dragons
  A shadow dragon (shapeshifter) (Depths:2)
  13 storm dragons
  A storm dragon (shapeshifter) (Depths:2)
  9 tengu reavers
  4 revenants
  A draconian monk (Zot:4)
  17 azure jellies
  Roxanne (Shoals:1)
  7 draconian knights
  Aizul (Spider:1)
  5 rockslimes
  15 narguns
  19 daevas (Pan)
  53 demonspawn warmongers (Pan)
  18 frost giants
  17 fire giants
  5 draconian scorchers
  Louise (Spider:1)
  An iron dragon (shapeshifter) (Depths:2)
  6 deep elf sorcerers
  5 spectral caustic shrikes
  4 juggernaut zombies
  122 balrugs
  2 orc warlords
  19 ghost moths
  9 iron dragons
  6 imperial myrmidons (Desolation)
  11 quicksilver elementals
  5 shard shrike simulacra
  2 emperor scorpions (Spider:4)
  3 draconian shifters
  13 vault wardens
  5 deep elf elementalists
  6 draconian stormcallers
  4 curse skulls
  33 angels
  2 spectral juggernauts (Tar:2)
  12 draconian annihilators
  54 demonspawn blood saints (Pan)
  3 caustic shrike zombies
  5 broodmothers
  7 quicksilver oozes
  65 demonspawn corrupters (Pan)
  100 cacodemons
  71 reapers
  10 ghouls
  4 spriggan defenders
  22 stone giants
  2 formless jellyfish
  8 ironbound thunderhulks
  A juggernaut skeleton (Tomb:1)
  20 ironbound preservers
  11 black draconians
  A formless jellyfish (shapeshifter) (Abyss:1)
  A caustic shrike skeleton (Crypt:3)
  15 ophanim (Pan)
  8 bennus
  11 vampire knights
  30 war gargoyles
  9 elemental wellsprings
  60 demonspawn black suns (Pan)
  A starflower (Abyss:2)
  10 deep elf demonologists
  30 apis (Pan)
  29 very ugly things
  11 putrid mouths
  17 wendigos
  18 deep elf annihilators
  15 yellow draconians
  8 dire elephants
  14 white draconians
  12 green draconians
  10 red draconians
  57 lorocyprocas
  A purple draconian (shapeshifter) (Zot:1)
  2 spectral titans
  A red draconian (shapeshifter) (Zot:1)
  5 halazid warlocks (WizLab)
  6 spark wasps
  11 purple draconians
  85 blizzard demons
  Snorg (D:13)
  12 iron golems
  11 eidola
  14 jiangshi
  26 mummy priests
  14 ettins
  3 merfolk javelineers
  12 deep elf death magi
  14 yaktaur captains
  An entropy weaver (shapeshifter) (Abyss:1)
  3 spectral quicksilver dragons
  7 entropy weavers
  8 merfolk impalers
  9 crystal guardians
  61 green deaths
  5 spectral spriggans
  7 ragged hierophants (Desolation)
  9 deep elf high priests
  A fenstrider witch zombie (Tomb:1)
  11 great orbs of eyes
  Harold (D:11)
  Erolcha (D:13)
  7 fire dragons
  22 hell beasts
  4 spriggan air magi
  Fannar (Lair:2)
  5 servants of whispers (Desolation)
  6 hydras
  2 ogre magi
  A quicksilver dragon skeleton (Abyss:1)
  9 juggernaut simulacra
  6 rakshasas
  7 caustic shrike simulacra
  9 merfolk aquamancers
  5 ice dragons
  2 jorogumos (Spider:3)
  A radroach (shapeshifter) (Zot:1)
  3 centaur warriors
  9 peacekeepers
  7 ironbound frosthearts
  8 radroaches
  8 stokers
  24 vault guards
  5 death knights
  3 catoblepae
  An alligator (Lair:5)
  A merfolk avatar (Shoals:1)
  A deep troll shaman (Depths:4)
  A sphinx skeleton (Crypt:1)
  Erica (Orc:1)
  101 death scarabs
  7 thrashing horrors
  A two-headed ogre (shapeshifter) (Depths:4)
  10 boulder beetles
  9 two-headed ogres
  4 deep troll earth magi
  A satyr (Shoals:3)
  5 death yaks
  122 demonic crawlers
  A titan zombie (Tomb:3)
  6 vampire magi
  8 hell hogs
  4 spectral dire elephants
  5 spriggan berserkers
  4 tengu warriors
  6 holy swine (Pan)
  3 shock serpents (Pan)
  402 sun demons
  3 orc high priests (Orc:2)
  263 soul eaters
  14 crystal echidnas
  12 hell knights
  Sonja (D:13)
  21 deep elf knights
  A spectral spark wasp (WizLab)
  The ghost of shadowrider38 the Martial Artist, a novice DgSh (D:7)
  3 wretched stars
  32 skeletal warriors
  A spectral bunyip (Tar:1)
  3 spark wasp zombies
  A titan skeleton (Crypt:3)
  37 shadow wraiths
  114 sixfirhies
  6 pharaoh ants
  6 skysharks
  37 deep trolls
  2 salamander mystics
  3 anaconda zombies
  4 death drakes
  4 iron trolls
  2 quicksilver dragon simulacra
  17 cherubim (Pan)
  A spectral anaconda (Tar:2)
  108 shadow demons (Pan)
  The ghost of justen the Changeling, a novice OpSh of Gozag (D:7)
  7 sea snakes
  A sea snake (shapeshifter) (Elf:2)
  10 orb spiders
  A spectral wolf spider (WizLab)
  7 glowing orange brains
  A bunyip zombie (Tomb:2)
  4 kraken simulacra (Coc:7)
  6 spriggan simulacra
  An obsidian statue (IceCv)
  17 ironbound convokers
  8 lindwurms
  30 deep elf pyromancers
  6 bog bodies
  21 deep elf archers
  12 steelbarb worms
  3 flayed ghosts (WizLab)
  12 starcursed masses
  2 bunyip skeletons
  2 orc knights (Orc:2)
  27 deep elf zephyrmancers
  7 orc sorcerers
  10 wizards
  A stone giant zombie (Crypt:3)
  A spectral ettin (Tar:2)
  10 phantasmal warriors
  17 harpies
  15 necromancers
  A frost giant zombie (Depths:1)
  6 cyclopes
  36 ugly things
  2 cyclopes (shapeshifter) (Vaults:5)
  12 wolf spiders
  2 alligator zombies (Hell)
  15 manticores
  9 shining eyes
  A fire giant zombie (Depths:1)
  A worldbinder (Abyss:3)
  A salamander (shapeshifter) (D:15)
  12 fauns
  2 spectral centaurs (Tar:2)
  2 merfolk sirens
  2 shadow dragon skeletons
  A tengu skeleton (Depths:3)
  3 centaur zombies
  7 salamanders
  An alligator skeleton (Crypt:1)
  18 moths of wrath
  A stone giant skeleton (Crypt:2)
  18 elephants
  9 guardian serpents
  An apocalypse crab (Abyss:1)
  7 black mambas
  Maurice (D:9)
  An eye of devastation (shapeshifter) (Depths:2)
  A frost giant skeleton (Depths:1)
  2 naga zombies
  A draconian skeleton (Pan)
  14 rust devils
  8 ice statues
  10 vault sentinels
  3 dire elephant skeletons
  7 torpor snails
  306 smoke demons
  2 centaur skeletons
  9 water nymphs
  77 hellions
  128 orange demons
  A red draconian zombie (Crypt:2)
  6 molten gargoyles
  2 naga magi (D:15)
  Maggie (D:8)
  5 titan simulacra
  3 gargoyles
  9 cane toads
  2 eyes of devastation (Slime:5)
  A sea snake zombie (Hell)
  7 rime drakes
  23 freezing wraiths
  A kobold demonologist (D:11)
  An alligator snapping turtle zombie (Crypt:1)
  A redback zombie (D:15)
  An unseen horror (Abyss:4)
  6 anaconda simulacra
  17 efreet
  11 komodo dragons
  An alligator snapping turtle skeleton (Pan)
  46 tormentors
  12 yaktaurs
  28 ice devils
  2 spectral nagas
  6 tengu conjurers
  A black draconian skeleton (Abyss:1)
  53 guardian mummies
  A hydra zombie (Hell)
  10 spectral harpies
  4 ancient zymes
  4 harpy zombies
  2 golden dragon simulacra
  21 merfolk
  34 red devils
  A sea snake skeleton (Crypt:2)
  10 polar bears (Lair:5)
  8 trolls
  An iron giant simulacrum (Coc:7)
  3 alligator simulacra (IceCv)
  81 hellwings (Pan)
  8 hornets
  A tyrant leech (Abyss:3)
  49 saltlings
  Grinder (D:4)
  2 hydra skeletons
  5 meliai
  A hornet (shapeshifter) (Depths:4)
  18 tarantellas
  A blink frog (shapeshifter) (Vaults:5)
  7 wind drakes
  4 harpy skeletons
  2 iron dragon simulacra (Coc:4)
  23 blink frogs
  10 raiju
  A stone giant simulacrum (Coc:4)
  4 spriggan zombies
  6 dream sheep
  7 snapping turtles
  Sigmund (D:2)
  A frost giant simulacrum (Depths:1)
  A jumping spider (shapeshifter) (Elf:2)
  17 jumping spiders
  14 air elementals
  267 ynoxinuls
  12 culicivoras
  88 slime creatures
  An ettin skeleton (Crypt:3)
  A satyr skeleton (Crypt:1)
  9 spriggans
  90 flying skulls
  A fire giant simulacrum (Depths:3)
  An ettin zombie (Crypt:3)
  22 water elementals
  15 wraiths
  11 dire elephant simulacra
  A spriggan (shapeshifter) (Elf:1)
  8 ushabtiu
  5 vampires
  A centaur simulacrum (Abyss:1)
  4 fire bats (Pan)
  9 spriggan skeletons
  4 naga simulacra
  4 basilisks
  35 dancing weapons
  4 wyverns
  A steam dragon (D:7)
  A fire elemental (Elf:2)
  42 yaks
  A basilisk (shapeshifter) (D:15)
  223 chaos spawn
  A minotaur simulacrum (IceCv)
  A sea snake simulacrum (Hell)
  11 golden eyes
  A redback (shapeshifter) (Depths:2)
  Menkaure (D:7)
  90 neqoxecs
  A human zombie (Depths:3)
  8 wargs
  2 vampire mosquitoes (D:14)
  41 redbacks
  An acid dragon (D:13)
  A skyshark zombie (Crypt:1)
  16 harpy simulacra
  A glowing shapeshifter zombie (Depths:3)
  13 water moccasins
  14 hell hounds (Lair:5)
  4 hydra simulacra
  A hornet zombie (Crypt:1)
  277 large abominations
  43 orc warriors
  2 naga skeletons
  2 sky beasts
  3 ettin simulacra (Coc:7)
  15 black bears
  11 ogres
  12 boggarts
  19 wolves (Lair:5)
  3 centaurs
  3 phantoms
  A kobold brigand (D:8)
  7 bullfrogs
  An earth elemental (Elf:1)
  A gnoll sergeant (D:9)
  4 scorpions
  6 necrophages
  A deep troll simulacrum (IceCv)
  A hornet simulacrum (D:15)
  4 wights (D:9)
  24 small abominations
  4 killer bees (D:9)
  A lindwurm simulacrum (IceCv)
  2 howler monkeys
  2 lava snakes (Volcano)
  A crimson imp (Pan)
  A quasit (Abyss:1)
  A gnoll bouda (D:9)
  6 hounds
  2 jellies
  30 orc priests
  2 iron imps
  2 sleepcaps
  3 iguanas
  21 orc wizards
  7 hell rats (Lair:2)
  An ogre zombie (Crypt:2)
  A deep dwarf skeleton (Crypt:1)
  A hound skeleton (Crypt:1)
  44 mummies
  20 gnolls
  10 adders
  5 shadow imps
  4 white imps
  4 ufetubi
  3 worms
  3 dart slugs
  101 orcs
  7 endoplasms
  4 giant cockroaches
  12 goblins
  9 hobgoblins
  4 jackals (D:5)
  A quokka (D:2)
  6 ball pythons
  3 bats (D:1)
  3 frilled lizards (D:2)
  A jackal zombie (Crypt:2)
  16 kobolds
  An orc skeleton (Crypt:2)
  An orc zombie (Crypt:1)
  6 rats
  A butterfly (Zot:1)
  6 creeping infernos
  5 fire vortices
  A lurking horror (Abyss:1)
  3 starspawn tentacles
7345 creatures vanquished.

Vanquished Creatures (collateral kills)
  Tiamat (Zot:1)
  A juggernaut (Depths:3)
  A walking earthen tome (Depths:3)
  An acid blob (Depths:3)
  A revenant (WizLab)
  A rockslime (Slime:5)
  A quicksilver ooze (Slime:5)
  A deep elf death mage (WizLab)
  2 great orbs of eyes
  A water nymph (Shoals:4)
  A meliai (Spider:2)
  4 jumping spiders
  2 redbacks
  A hell hound (Lair:5)
  An ogre (D:7)
20 creatures vanquished.

Vanquished Creatures (others)
  An eldritch tentacle (Pan)
  A storm dragon (Zot:1)
  A rockslime (Slime:5)
  2 fire giants
  A red draconian (Zot:1)
  9 death scarabs (Tomb:3)
  A skyshark (Vaults:4)
  A quicksilver dragon simulacrum (Coc:4)
  A water nymph (shapeshifter) (Vaults:5)
  An orange demon (Pan)
  2 guardian mummies (Tomb:3)
  A merfolk (Shoals:4)
  A meliai (Spider:2)
  A slime creature (Abyss:1)
  3 flying skulls
  2 ynoxinuls (Pan)
  2 redbacks
  A hell hound (Spider:4)
  A boggart (Zot:1)
  A naga simulacrum (Coc:7)
  A mummy (Tomb:3)
  An ufetubus (Abyss:1)
  An orc (Crypt:2)
  3 ball lightnings (Pan)
  2 creeping infernos
  22 fulminant prisms
  4 starspawn tentacles (Abyss:4)
68 creatures vanquished.

Grand Total: 7433 creatures vanquished

Notes
Turn   | Place    | Note
-------+----------+-------------------------------------------
     0 | D:1      | Ofeo the Kobold Enchanter began the quest for the Orb.
     0 | D:1      | Reached XP level 1. HP: 10/10 MP: 3/3
   251 | D:1      | Reached XP level 2. HP: 15/15 MP: 5/5
   621 | D:1      | Found Fiadysi Doah's Vocational Training.
   818 | D:1      | Reached XP level 3. HP: 16/19 MP: 6/6
   836 | D:1      | Found Norilyra's Book Boutique.
  1377 | D:2      | Identified the +2 pair of gloves of Spaghetti {+Blink rN+
                  | Int+4}
  1470 | D:2      | Learned a level 3 spell: Confusing Touch
  1474 | D:2      | Learned a level 3 spell: Tukima's Dance
  1716 | D:2      | Reached XP level 4. HP: 24/24 MP: 8/8
  2286 | D:2      | Noticed Sigmund
  2288 | D:2      | Killed Sigmund
  2289 | D:2      | Reached skill level 5 in Stealth
  2289 | D:2      | Reached XP level 5. HP: 28/28 MP: 8/10
  2289 | D:2      | Reached XP level 6. HP: 32/32 MP: 8/11
  2857 | D:3      | Identified the +5 dagger of Lies {speed, Fragile rN+++
                  | Int-3 Stlth+}
  3532 | D:4      | Reached skill level 5 in Hexes
  3532 | D:4      | Reached XP level 7. HP: 36/36 MP: 12/12
  3547 | D:4      | Learned a level 2 spell: Ensorcelled Hibernation
  4575 | D:4      | Noticed Grinder
  4580 | D:4      | Paralysed by Grinder for 4 turns
  4595 | D:4      | Killed Grinder
  4596 | D:4      | Reached skill level 5 in Short Blades
  4596 | D:4      | Reached XP level 8. HP: 40/41 MP: 10/14
  5108 | D:5      | Entered Level 5 of the Dungeon
  5422 | D:5      | Found an ornate altar of the Wu Jian Council.
  5448 | D:5      | Found a bloodstained altar of Trog.
  5943 | D:5      | Found a staircase to the Ecumenical Temple.
  5993 | Temple   | Entered the Ecumenical Temple
  6026 | Temple   | Became a worshipper of Ashenzari the Shackled
  6367 | D:5      | Reached skill level 5 in Spellcasting
  6992 | D:6      | Found a radiant altar of Vehumet.
  7120 | D:6      | Reached XP level 9. HP: 45/45 MP: 16/16
  7759 | D:6      | Found a stormy altar of Qazlal.
  8561 | D:6      | Reached * piety under Ashenzari
  8763 | D:7      | Found a flagged portal.
  8780 | Bailey   | Entered a bailey
  8849 | Bailey   | Noticed an orc warlord
  8897 | Bailey   | Reached skill level 1 in Fighting
  8957 | Bailey   | Found a runed translucent gate.
  8981 | Bailey   | Found a runed translucent gate.
  8982 | Bailey   | Found a runed translucent gate.
  9082 | Bailey   | Identified the ring "Xaosm" {rElec Will+ Int+5}
  9441 | Bailey   | Reached XP level 10. HP: 64/64 MP: 18/22
  9560 | Bailey   | Killed an orc warlord
  9711 | D:7      | Found a runed translucent gate.
  9713 | D:7      | Found a runed translucent gate.
  9714 | D:7      | Found a runed translucent gate.
  9886 | D:7      | Found a blossoming altar of Fedhas.
 10116 | D:7      | Reached ** piety under Ashenzari
 10123 | D:7      | Reached XP level 11. HP: 69/69 MP: 23/23
 10145 | D:7      | Found a large runed translucent door.
 10146 | D:7      | Found a large runed translucent door.
 10166 | D:7      | Found an opulent altar of Gozag.
 10183 | D:7      | Found a sacrificial altar of Ru.
 10351 | D:7      | Noticed Menkaure
 10355 | D:7      | Killed Menkaure
 10977 | D:7      | Noticed shadowrider38's ghost (novice DgSh)
 10977 | D:7      | Noticed justen's ghost (novice OpSh)
 10981 | D:7      | Killed shadowrider38's ghost
 10986 | D:7      | Killed justen's ghost
 11007 | D:7      | Learned a level 2 spell: Wereblood
 11212 | D:8      | Found a glowing golden altar of the Shining One.
 12152 | D:8      | Found a white marble altar of Elyvilon.
 12250 | D:8      | Noticed Maggie
 12259 | D:8      | Killed Maggie
 12389 | D:8      | Found a basalt altar of Yredelemnul.
 13014 | D:9      | Reached skill level 1 in Armour
 13137 | D:9      | Noticed Maurice
 13144 | D:9      | Killed Maurice
 13145 | D:9      | Reached *** piety under Ashenzari
 13668 | D:9      | Found a staircase to the Lair.
 13940 | D:9      | Noticed a two-headed ogre
 13944 | D:9      | Killed a two-headed ogre
 14070 | D:10     | Entered Level 10 of the Dungeon
 14095 | D:10     | Reached XP level 12. HP: 80/80 MP: 26/26
 14169 | D:10     | Reached **** piety under Ashenzari
 14724 | D:10     | Identified the +6 war axe of Kiunuuk {drain, *Slow Fly
                  | Will+ Str+4}
 15365 | D:11     | Noticed a sixfirhy
 15400 | D:11     | Found a gate leading to a gauntlet.
 15425 | Gauntlet | Entered a Gauntlet
 15427 | Gauntlet | Found a transporter.
 15462 | Gauntlet | Found a runed translucent door.
 15465 | Gauntlet | Noticed a hell beast
 15470 | Gauntlet | Found a transporter.
 15480 | Gauntlet | Noticed a fire crab
 15518 | Gauntlet | Found a transporter.
 15529 | Gauntlet | Noticed a soul eater
 15540 | Gauntlet | Noticed a sixfirhy
 15542 | Gauntlet | Found a transporter.
 15542 | Gauntlet | Found a transporter.
 15562 | Gauntlet | Found a transporter.
 15562 | Gauntlet | Found a transporter.
 15575 | Gauntlet | Noticed a catoblepas
 15578 | Gauntlet | Found a transporter.
 15641 | Gauntlet | Identified the +1 helmet "Bicrivig" {Int+6}
 15647 | Gauntlet | Found a transporter.
 15647 | Gauntlet | Found a transporter.
 15659 | Gauntlet | Found a transporter.
 15659 | Gauntlet | Found a transporter.
 15791 | Gauntlet | Killed a soul eater
 15819 | Gauntlet | Killed a sixfirhy
 15980 | Gauntlet | Reached skill level 5 in Dodging
 16145 | Gauntlet | Identified the +6 orcbow of Stickiness {flame, rElec rN+
                  | Int+4}
 16145 | Gauntlet | Identified the +3 long sword of Fedhas, Inviting {freeze,
                  | rC+}
 16148 | Gauntlet | Identified the +10 morningstar of the Burning Gods {freeze,
                  | rElec rN+ Int+3}
 16148 | Gauntlet | Noticed a minotaur
 16643 | D:11     | Noticed a two-headed ogre
 16645 | D:11     | Killed a two-headed ogre
 17138 | D:11     | Noticed Harold
 17149 | D:11     | Killed Harold
 17861 | Lair:1   | Entered Level 1 of the Lair of Beasts
 17981 | Lair:1   | Reached skill level 5 in Armour
 18024 | Lair:1   | Reached XP level 13. HP: 74/88 MP: 19/29
 18336 | Lair:1   | Reached skill level 15 in Stealth
 18521 | Lair:1   | Reached skill level 10 in Fighting
 19261 | Lair:1   | Reached ***** piety under Ashenzari
 19293 | Lair:2   | Noticed Fannar
 19297 | Lair:2   | Killed Fannar
 19339 | Lair:2   | Found a dark tunnel.
 19345 | Volcano  | Entered a volcano
 19474 | Volcano  | Found a bloodstained altar of Trog.
 19816 | Volcano  | Learned a level 3 spell: Inner Flame
 20527 | Lair:2   | Identified the ring "Deadimp" {Drain rC+ Will+ rCorr Str+3}
 21275 | Lair:2   | Reached XP level 14. HP: 70/100 MP: 14/32
 21523 | Lair:2   | Found a hole to the Spider Nest.
 21687 | Lair:2   | Found a staircase to the Shoals.
 22757 | Lair:3   | Identified a scroll of acquirement
 23039 | Lair:3   | Reached skill level 10 in Dodging
 23176 | Lair:2   | Acquired the Verses on Bewitchment
 23183 | Lair:2   | Learned a level 4 spell: Fulminant Prism
 23468 | Lair:3   | Reached skill level 1 in Conjurations
 25015 | Lair:4   | Found a staircase to the Slime Pits.
 25512 | Lair:4   | Identified the +1 scale mail of the Distant Future {rN+++
                  | Str-3 Int+8 Dex-3}
 25528 | Lair:4   | Found a runed translucent door.
 25634 | Lair:5   | Entered Level 5 of the Lair of Beasts
 25952 | Lair:5   | Reached XP level 15. HP: 106/106 MP: 33/33
 26247 | Lair:5   | Learned a level 2 spell: Passwall
 26387 | Lair:5   | Reached skill level 1 in Transmutations
 26387 | Lair:5   | Reached skill level 1 in Earth Magic
 26890 | Lair:5   | Reached skill level 1 in Shields
 29322 | D:12     | Found a staircase to the Orcish Mines.
 30739 | Orc:1    | Entered Level 1 of the Orcish Mines
 31026 | Orc:1    | Noticed Erica
 31059 | Orc:1    | Killed Erica
 31101 | Orc:1    | Found Fazxufew's Distillery.
 31544 | Orc:2    | Entered Level 2 of the Orcish Mines
 31981 | Orc:2    | Found Siots's Book Emporium.
 32435 | Orc:2    | Reached XP level 16. HP: 112/115 MP: 15/34
 32929 | Orc:2    | Found Hucodom's General Store.
 33048 | Orc:2    | Found Mibes's Antique Armour Emporium.
 33053 | Orc:2    | Bought a shiny buckler for 180 gold pieces
 33165 | Orc:2    | Found Jiceyqia's Antique Weapon Boutique.
 33232 | Orc:2    | Found a staircase to the Elven Halls.
 33548 | D:13     | Noticed Erolcha
 33548 | D:13     | Killed Erolcha
 33619 | D:13     | Noticed Sonja
 33636 | D:13     | Killed Sonja
 33655 | D:13     | Noticed Snorg
 33665 | D:13     | Killed Snorg
 33666 | D:13     | Reached skill level 5 in Shields
 35677 | D:14     | Reached skill level 1 in Evocations
 35916 | D:14     | Found a sparkling altar of Nemelex Xobeh.
 36000 | D:14     | Found a gate to the Vaults.
 36318 | D:15     | Entered Level 15 of the Dungeon
 36389 | D:15     | Found Cauryniq's Book Boutique.
 36533 | D:15     | Found an ancient bone altar of Kikubaaqudgha.
 36554 | D:15     | Reached skill level 15 in Fighting
 36689 | D:15     | Found a staircase to the Depths.
 37098 | D:15     | Noticed Rupert
 37107 | D:15     | Killed Rupert
 38103 | Spider:1 | Entered Level 1 of the Spider Nest
 38112 | Spider:1 | Noticed Mlioglotl
 38112 | Spider:1 | Killed Mlioglotl
 38174 | Spider:1 | Noticed Louise
 38174 | Spider:1 | Killed Louise
 38205 | Spider:1 | Reached XP level 17. HP: 114/120 MP: 23/34
 38705 | Spider:1 | Noticed Aizul
 38705 | Spider:1 | Killed Aizul
 38764 | Spider:1 | Reached skill level 5 in Evocations
 40245 | Spider:2 | Reached skill level 15 in Dodging
 40434 | Spider:2 | Noticed Arachne
 40434 | Spider:2 | Killed Arachne
 42192 | Spider:3 | Identified the +1 leather armour of the Echidna {Rampage
                  | Fly rF+ Regen+}
 44608 | Spider:3 | Reached XP level 18. HP: 125/129 MP: 26/35
 45253 | Spider:4 | Entered Level 4 of the Spider Nest
 45323 | Spider:4 | Upgraded the game from 0.31-a0-636-ge1c0e020e0 to
                  | 0.31-a0-640-g39d97e502b
 46787 | Shoals:1 | Entered Level 1 of the Shoals
 46850 | Shoals:1 | Reached ****** piety under Ashenzari
 47134 | Shoals:1 | Found a runed translucent gate.
 47159 | Shoals:1 | Noticed Roxanne
 47265 | Shoals:1 | Killed Roxanne
 47449 | Shoals:1 | Noticed Tainn's ghost (adept MiFi)
 47540 | Shoals:1 | Found a runed translucent gate.
 47541 | Shoals:1 | Found a runed translucent gate.
 48341 | Shoals:2 | Reached skill level 5 in Earth Magic
 48480 | Shoals:2 | Identified the Atlas of Glowing Black Words
 49029 | Shoals:2 | Identified the +2 helmet of Guog {rC+ MP+9 Str-3 Slay+6}
 49651 | Shoals:2 | Learned a level 4 spell: Petrify
 49659 | Shoals:2 | Learned a level 7 spell: Enfeeble
 49665 | Shoals:2 | Learned a level 5 spell: Borgnjor's Vile Clutch
 49729 | Shoals:3 | Noticed a titan
 49729 | Shoals:3 | Killed a titan
 49730 | Shoals:3 | Reached skill level 10 in Spellcasting
 49980 | Shoals:3 | Identified the +7 ring mail of Analysis {rElec SInv}
 50762 | Shoals:3 | Noticed a titan
 51068 | Shoals:4 | Entered Level 4 of the Shoals
 51190 | Shoals:4 | Paralysed by an air elemental for 1 turns
 51201 | Shoals:4 | Paralysed by an air elemental for 1 turns
 51205 | Shoals:4 | Paralysed by an air elemental for 1 turns
 51366 | Shoals:4 | Reached XP level 19. HP: 131/138 MP: 37/37
 51606 | Shoals:4 | Identified the +6 mace of a ziggurat {drain, rPois rC+ rN+
                  | Will-}
 51884 | Shoals:4 | Acquired 620 gold pieces
 52093 | Shoals:4 | Paralysed by an air elemental for 1 turns
 52187 | Shoals:4 | Paralysed by an air elemental for 1 turns
 52605 | Shoals:4 | Identified the Anthology of Nightshade and Immolation
 52605 | Shoals:4 | Identified the Quarto of Hail
 52610 | Shoals:4 | Noticed a titan
 52611 | Shoals:4 | Identified the +2 quarterstaff "Impslayer" {venom, rElec
                  | rN+}
 52625 | Shoals:4 | Killed a titan
 52630 | Shoals:4 | Got a barnacled rune of Zot
 53578 | Spider:4 | Reached skill level 10 in Hexes
 53705 | Spider:4 | Got a gossamer rune of Zot
 54738 | Vaults:1 | Entered Level 1 of the Vaults
 54745 | Vaults:1 | Reached skill level 10 in Evocations
 55279 | Vaults:1 | Found a crumbling gateway.
 55286 | Desolati | Entered the Desolation of Salt
 55312 | Desolati | Reached XP level 20. HP: 142/142 MP: 37/37
 55739 | Desolati | Identified the +0 buckler of Farfalle {Harm *Slow rPois
                  | Slay+4}
 55739 | Desolati | Identified the +1 leather armour of Trumpets {Str-4 Int+3
                  | Dex+5}
 56024 | Desolati | Identified the ring of Meben {Fire rElec rPois rN+ Will+
                  | Int-4}
 56041 | Desolati | Identified the ring of the Jolly Eyes {Will+ Dex+3}
 56699 | Vaults:1 | Reached skill level 10 in Short Blades
 56904 | Vaults:1 | Found Busor's Magic Scroll Boutique.
 56929 | Vaults:1 | Bought a scroll of blinking for 135 gold pieces
 56929 | Vaults:1 | Bought a scroll of enchant armour for 135 gold pieces
 56929 | Vaults:1 | Bought a scroll of revelation for 135 gold pieces
 56929 | Vaults:1 | Bought a scroll of revelation for 135 gold pieces
 56929 | Vaults:1 | Bought a scroll of teleportation for 54 gold pieces
 56929 | Vaults:1 | Bought a scroll of teleportation for 54 gold pieces
 58051 | Vaults:2 | Reached XP level 21. HP: 130/146 MP: 38/38
 58213 | Vaults:2 | Found Qusasucu's Weapon Shop.
 58635 | Vaults:2 | Reached skill level 15 in Short Blades
 60791 | Vaults:3 | Found a staircase to the Crypt.
 62466 | Vaults:4 | Reached XP level 22. HP: 153/153 MP: 38/38
 62585 | Vaults:4 | Noticed Norris
 63526 | Vaults:4 | Banished Norris
 64591 | Elf:1    | Entered Level 1 of the Elven Halls
 65654 | Elf:1    | Identified the +8 dire flail of Changing Execution {heavy,
                  | rPois}
 66238 | Elf:2    | Found a frozen archway.
 66243 | IceCv    | Entered an ice cave
 66341 | IceCv    | Found an ancient bone altar of Kikubaaqudgha.
 66431 | IceCv    | Identified the ring "Daezim" {rN+ Dex+2}
 66531 | IceCv    | Identified the +0 pair of boots "Veideg" {rElec rC+ Dex+3}
 67053 | Elf:2    | Reached XP level 23. HP: 163/163 MP: 39/39
 67201 | Elf:2    | Identified the ring of Hehook {Fly rF+ rC+ rN+ rCorr}
 67549 | D:15     | Bought Great Wizards, Vol. VII for 390 gold pieces
 67555 | D:15     | Learned a level 5 spell: Yara's Violent Unravelling
 67787 | D:1      | Bought a manual of Evocations for 880 gold pieces
 68170 | Elf:2    | Found a huge runed translucent gate.
 68184 | Elf:2    | Found a huge runed translucent gate.
 68184 | Elf:2    | Found a huge runed translucent gate.
 68184 | Elf:2    | Found a huge runed translucent gate.
 68184 | Elf:2    | Found a huge runed translucent gate.
 68210 | Elf:2    | Reached skill level 1 in Necromancy
 68628 | Elf:2    | Reached skill level 1 in Throwing
 69154 | Elf:3    | Entered Level 3 of the Elven Halls
 69189 | Elf:3    | Found Tablesups's Book Shoppe.
 69748 | Elf:3    | Identified the +6 scimitar "Uteagaa" {heavy, *Corrode rElec
                  | Int+2}
 70109 | Elf:3    | Found the +2 pair of slick slippers {slick, slippery, EV+4}
 70172 | Elf:3    | Identified the +11 war axe "Fybeuseo" {flame, rF- rC+
                  | Int+2}
 70189 | Elf:3    | Identified the +10 double sword "Huataac" {drain, Str+3
                  | Dex+4}
 70203 | Elf:3    | Reached skill level 15 in Evocations
 70318 | Elf:3    | Reached XP level 24. HP: 137/166 MP: 37/37
 70399 | Elf:3    | Identified the Cyclopedia of the Twisted Discharge
 70419 | Elf:3    | Identified the +4 long sword of Malum In Se {heavy, Dex+7}
 70463 | Elf:3    | Identified the +8 falchion of Cir Zicu {drain, rC+ Int-3
                  | Dex+4}
 70465 | Elf:3    | Identified the staff "Ulixae" {rElec rPois rC- Int+4 Air}
 70526 | Elf:3    | Acquired the +1 pair of gloves "Ferastiwn" {Harm Rampage
                  | rF- Dex+7}
 71248 | Depths:1 | Entered Level 1 of the Depths
 71265 | Depths:1 | Noticed Asterion
 71265 | Depths:1 | Killed Asterion
 71288 | Depths:1 | Found a one-way gate leading to the halls of Pandemonium.
 71390 | Depths:1 | Noticed Mara
 71393 | Depths:1 | Killed Mara
 71394 | Depths:1 | Reached skill level 5 in Throwing
 71438 | Depths:1 | Noticed Sojobo
 71440 | Depths:1 | Killed Sojobo
 71465 | Depths:1 | Found a corrupted altar of Lugonu.
 71466 | Depths:1 | Found a one-way gate to the infinite horrors of the Abyss.
 71945 | Depths:1 | Found a gateway to Hell.
 72411 | Depths:1 | Found a basalt altar of Yredelemnul.
 73517 | Depths:2 | Identified the Vellum of the Arctic Wyrd
 75010 | Depths:3 | Reached XP level 25. HP: 151/173 MP: 37/37
 75165 | Depths:3 | Noticed a juggernaut
 75175 | Depths:3 | Banished a juggernaut
 75255 | Depths:3 | Noticed the Enchantress
 75279 | Depths:3 | Killed the Enchantress
 75400 | Depths:3 | Found Zoduvvebb's Book Boutique.
 75405 | Depths:3 | Bought a book of the Wilderness for 874 gold pieces
 75787 | Depths:3 | Found a large runed translucent door.
 75788 | Depths:3 | Found a large runed translucent door.
 76832 | Depths:3 | Noticed a juggernaut
 76832 | Depths:3 | Noticed a juggernaut
 77018 | Depths:3 | Killed a juggernaut
 77023 | Depths:3 | Banished a juggernaut
 77096 | Depths:3 | Learned a level 5 spell: Summon Mana Viper
 77105 | Depths:3 | Reached skill level 1 in Summonings
 77121 | Depths:3 | Identified the +1 helmet of Midnight {Fly Dex-4 Stlth+}
 77236 | Depths:4 | Entered Level 4 of the Depths
 78006 | Depths:4 | Found a gate to the Realm of Zot.
 78036 | Depths:4 | Reached XP level 26. HP: 180/180 MP: 37/37
 78082 | Depths:4 | Reached skill level 5 in Summonings
 78490 | Depths:4 | Found a one-way gateway to a ziggurat.
 78492 | Depths:4 | Noticed a juggernaut
 78496 | Depths:4 | Killed a juggernaut
 79306 | Slime:1  | Entered Level 1 of the Pits of Slime
 79703 | Slime:2  | Gained mutation: You are clumsy. (Dex -2) [a shining eye]
 79704 | Slime:2  | Paralysed by a formless jellyfish for 1 turns
 79783 | Slime:3  | Gained mutation: You occasionally lose the ability to drink
                  | potions when taking damage. [a shining eye]
 79832 | Slime:5  | Entered Level 5 of the Pits of Slime
 80468 | Slime:5  | Gained mutation: Your body sometimes deteriorates upon
                  | taking damage. [a shining eye]
 80720 | Slime:5  | Noticed the Royal Jelly
 80721 | Slime:5  | Found a viscous altar of Jiyva.
 80736 | Slime:5  | Killed the Royal Jelly
 80743 | Slime:5  | Reached skill level 10 in Summonings
 80840 | Slime:5  | Found the +3 hat of Pondering {ponderous, Will+ MP+10
                  | Int+5}
 80877 | Slime:5  | Identified Lawet's Disquisition on Chilled Nausea
 80896 | Slime:5  | Identified the ring "Unanetiz" {rElec rF- Will+ Int+3}
 80904 | Slime:5  | Got a slimy rune of Zot
 80915 | Slime:5  | Identified the +4 double sword "Tujypn" {pain, rC+ Stlth+}
 82053 | Vaults:5 | Entered Level 5 of the Vaults
 82190 | Vaults:5 | Reached XP level 27. HP: 67/192 MP: 39/39
 82847 | Vaults:5 | Found Joynexal's General Store.
 82857 | Vaults:5 | Bought a scroll of teleportation for 57 gold pieces
 82857 | Vaults:5 | Bought a scroll of vulnerability for 76 gold pieces
 83064 | Vaults:5 | Noticed an ancient lich
 83071 | Vaults:5 | Banished an ancient lich
 83181 | Vaults:5 | Got a silver rune of Zot
 83218 | Vaults:5 | Identified the ring "Putsatiu" {Will+ Dex+6}
 83303 | Vaults:5 | Identified Sif Muna's Directory of Floating Invitation
 83307 | Vaults:5 | Noticed a dread lich
 83325 | Vaults:5 | Killed a dread lich
 83396 | Vaults:5 | Found Osyeh's Jewellery Shop.
 83718 | Vaults:5 | Identified the +0 ring mail "Etosmaol" {rCorr Str+2 Int+3}
 84756 | Zot:1    | Entered Level 1 of the Realm of Zot
 85258 | Zot:1    | Reached skill level 15 in Summonings
 85395 | Zot:1    | Reached skill level 10 in Armour
 85508 | Zot:1    | Identified the +5 war axe of the Neverending Xenops {pain,
                  | Str+5}
 85508 | Zot:1    | Identified the +6 morningstar of Fuwk {freeze, rC+}
 86154 | Zot:1    | Found the +4 dragonskin cloak
 86154 | Zot:1    | Noticed Tiamat
 86517 | Zot:1    | Acquired the Octavo of Hindering Percussion
 86658 | Zot:1    | Killed Tiamat
 89184 | Zot:2    | Noticed Vv
 89195 | Zot:2    | Killed Vv
 89816 | Zot:3    | Reached skill level 15 in Armour
 91846 | Zot:4    | Reached skill level 10 in Shields
 94074 | Zot:5    | Entered Level 5 of the Realm of Zot
 94588 | Crypt:1  | Entered Level 1 of the Crypt
 94758 | Crypt:1  | Found a magical portal.
 94765 | WizLab   | Entered Borgnjor's Mausoleum
 94799 | WizLab   | Learned a level 6 spell: Summon Cactus Giant
 94807 | WizLab   | Learned a level 7 spell: Summon Hydra
 95409 | WizLab   | Identified the amulet "Naufev" {Faith rC+}
 95874 | Crypt:1  | Reached skill level 15 in Shields
 97268 | Crypt:1  | Upgraded the game from 0.31-a0-640-g39d97e502b to
                  | 0.31-a0-654-gbe3e110b4e
 97387 | Crypt:2  | Found a huge runed translucent gate.
 97387 | Crypt:2  | Found a huge runed translucent gate.
 97388 | Crypt:2  | Found a huge runed translucent gate.
 97388 | Crypt:2  | Found a huge runed translucent gate.
 97388 | Crypt:2  | Found a huge runed translucent gate.
 97388 | Crypt:2  | Found a huge runed translucent gate.
 97389 | Crypt:2  | Found a huge runed translucent gate.
 97389 | Crypt:2  | Found a huge runed translucent gate.
 97389 | Crypt:2  | Found a huge runed translucent gate.
 98118 | Crypt:2  | Noticed Saint Roka
 98147 | Crypt:2  | Banished Saint Roka
 98446 | Crypt:2  | Identified the +0 robe of the Trees {*Slow rCorr SInv}
 98969 | Crypt:3  | Entered Level 3 of the Crypt
 99107 | Crypt:3  | Found the +5 moon troll leather armour {Spirit, Regen++
                  | MP+5}
 99433 | Crypt:3  | Identified the ring of the Jester {rN+ Int+6}
 99433 | Crypt:3  | Identified the ring "Kuata" {Fly rN+ Slay+6}
 99433 | Crypt:3  | Identified the ring of Yreg {rN+ Dex+3 SInv}
 99957 | Crypt:3  | Found a staircase to the Tomb.
100019 | Crypt:3  | Found an ancient bone altar of Kikubaaqudgha.
100019 | Crypt:3  | Noticed a dread lich
100027 | Crypt:3  | Killed a dread lich
100059 | Crypt:3  | Found the +8 longbow "Zephyr" {speed, Dex+3 SInv}
102203 | Elf:2    | Learned a level 4 spell: Manifold Assault
102209 | Elf:2    | Learned a level 4 spell: Vhi's Electric Charge
103006 | Shoals:1 | Killed Tainn's ghost
103007 | Shoals:1 | Reached skill level 1 in Translocations
103290 | Lair:4   | Lost mutation: You occasionally lose the ability to drink
                  | potions when taking damage. [potion of mutation]
103290 | Lair:4   | Lost mutation: Your body sometimes deteriorates upon taking
                  | damage. [potion of mutation]
103290 | Lair:4   | Gained mutation: You are dopey. (Int -2) [potion of
                  | mutation]
103300 | Lair:4   | Lost mutation: You are clumsy. (Dex -2) [potion of
                  | mutation]
103300 | Lair:4   | Lost mutation: You are dopey. (Int -2) [potion of mutation]
103300 | Lair:4   | Gained mutation: Your magical capacity is low. (-10% MP)
                  | [potion of mutation]
103300 | Lair:4   | Gained mutation: You have sharp toenails. [potion of
                  | mutation]
103939 | Orc:1    | Bought 2 potions of mutation for 240 gold pieces
103939 | Orc:1    | Bought a potion of might for 60 gold pieces
103939 | Orc:1    | Bought 2 potions of brilliance for 120 gold pieces
103939 | Orc:1    | Bought a potion of heal wounds for 75 gold pieces
103939 | Orc:1    | Bought a potion of heal wounds for 75 gold pieces
103939 | Orc:1    | Bought a potion of invisibility for 120 gold pieces
104155 | Depths:1 | Voluntarily entered the Abyss.
104257 | Abyss:1  | Reached skill level 5 in Translocations
104289 | Depths:1 | Escaped the Abyss
104457 | Depths:1 | Voluntarily entered the Abyss.
104644 | Abyss:1  | Banished Norris
104821 | Abyss:1  | Killed an ancient lich
104914 | Abyss:1  | Found a corrupted altar of Lugonu.
105104 | Abyss:1  | Reached skill level 10 in Translocations
105115 | Abyss:1  | Killed Saint Roka
105131 | Abyss:2  | Found a corrupted altar of Lugonu.
105134 | Abyss:2  | Found a blossoming altar of Fedhas.
105149 | Abyss:2  | Found a blossoming altar of Fedhas.
105167 | Abyss:3  | Killed Norris
105400 | Abyss:3  | Paralysed by an air elemental for 1 turns
105874 | Abyss:4  | Got an abyssal rune of Zot
105927 | Abyss:4  | Found a corrupted altar of Lugonu.
105944 | Depths:1 | Escaped the Abyss
105978 | Pan      | Entered Pandemonium
105983 | Pan      | Reached skill level 1 in Air Magic
107073 | Pan      | Gained mutation: You are dopey. (Int -2) [a cacodemon]
107336 | Pan      | Reached skill level 5 in Air Magic
107343 | Pan      | Noticed Cofaqasa the pandemonium lord
107368 | Pan      | Killed Cofaqasa the pandemonium lord
108654 | Pan      | Found an ancient bone altar of Kikubaaqudgha.
108782 | Pan      | Noticed Sathar the pandemonium lord
108789 | Pan      | Killed Sathar the pandemonium lord
108932 | Pan      | Reached skill level 15 in Translocations
109964 | Pan      | Noticed Paed Joc the pandemonium lord
109995 | Pan      | Banished Paed Joc the pandemonium lord
110290 | Pan      | Noticed Mennas
110304 | Pan      | Killed Mennas
110427 | Pan      | Found an exit through the horrors of the Abyss.
111529 | Pan      | Noticed Effoott the pandemonium lord
111538 | Pan      | Banished Effoott the pandemonium lord
111848 | Pan      | Found an exit through the horrors of the Abyss.
112556 | Pan      | Noticed Xiuryuj the pandemonium lord
112561 | Pan      | Banished Xiuryuj the pandemonium lord
112636 | Pan      | Got a demonic rune of Zot
112758 | Pan      | Gained mutation: Armour fits poorly on your strangely
                  | shaped body. [a cacodemon]
113818 | Pan      | Noticed Ignacio
113820 | Pan      | Killed Ignacio
113969 | Pan      | Noticed Neucsiy the pandemonium lord
114240 | Pan      | Got the cursed +9 rapier of the Ensconced Mistrust
                  | {distort, Self, Elem}
114668 | Pan      | Gained mutation: Your spells are a little easier to cast,
                  | but a little less powerful. [a cacodemon]
114708 | Pan      | Banished Neucsiy the pandemonium lord
115092 | Abyss:5  | Cast into level 5 of the Abyss (unwielding a weapon of
                  | distortion)
115103 | Abyss:5  | Killed Neucsiy the pandemonium lord
115121 | Abyss:5  | Killed Xiuryuj the pandemonium lord
115158 | Pan      | Escaped the Abyss
115325 | Pan      | Entered the realm of Lom Lobon.
115408 | Pan      | Noticed Lom Lobon
115413 | Pan      | Killed Lom Lobon
115506 | Pan      | Got a magical rune of Zot
117183 | Pan      | Noticed Aluedidu the pandemonium lord
117191 | Pan      | Killed Aluedidu the pandemonium lord
118956 | Pan      | Entered the realm of Mnoleg.
119375 | Pan      | Gained mutation: You are occasionally teleported next to
                  | monsters. [a cacodemon]
119394 | Pan      | Noticed Mnoleg
119405 | Pan      | Killed Mnoleg
119591 | Pan      | Got a glowing rune of Zot
120579 | Pan      | Gained mutation: You occasionally shout uncontrollably at
                  | your foes. [a cacodemon]
121343 | Pan      | Found an exit through the horrors of the Abyss.
121447 | Pan      | Noticed Ubih the pandemonium lord
121449 | Pan      | Killed Ubih the pandemonium lord
122310 | Pan      | Found a glowing golden altar of the Shining One.
122325 | Pan      | Identified the +0 chain mail of Autumn {rElec Int+2 Dex+4}
122480 | Pan      | Identified the ring of Senid {rPois Will+}
122480 | Pan      | Noticed a seraph
122480 | Pan      | Identified the staff of Karma {rC+ Dex+2 Ice}
122480 | Pan      | Identified the staff of Disorder {rF+ rC+ Int+2 Fire}
122484 | Pan      | Identified the +7 scimitar "Duim" {heavy, rN++}
122491 | Pan      | Killed a seraph
122759 | Pan      | Found a white marble altar of Elyvilon.
122772 | Pan      | Reached skill level 27 in Translocations
123751 | Pan      | Found a glowing silver altar of Zin.
124973 | Pan      | Noticed Ixudghoi the pandemonium lord
124989 | Pan      | Killed Ixudghoi the pandemonium lord
125050 | Pan      | Identified the +1 plate armour of the Gloaming {Rampage
                  | rN+++ rCorr Slay-3}
126021 | Pan      | Gained mutation: You are frail. (-10% HP) [a cacodemon]
126029 | Pan      | Found an exit through the horrors of the Abyss.
126394 | Pan      | Noticed Niotue Adire the pandemonium lord
126398 | Pan      | Killed Niotue Adire the pandemonium lord
126944 | Pan      | Found an exit through the horrors of the Abyss.
127335 | Pan      | Noticed Edghieha the pandemonium lord
127337 | Pan      | Killed Edghieha the pandemonium lord
127842 | Pan      | Took an exit into the Abyss.
127842 | Abyss:5  | Escaped into the Abyss
127890 | Depths:1 | Escaped the Abyss
127893 | Pan      | Entered the realm of Gloorx Vloq.
127893 | Pan      | Entered Pandemonium
128259 | Pan      | Noticed Gloorx Vloq
128264 | Pan      | Killed Gloorx Vloq
128273 | Pan      | Got a dark rune of Zot
128552 | Pan      | Found an exit through the horrors of the Abyss.
128954 | Pan      | Entered the realm of Cerebov.
129369 | Pan      | Reached skill level 27 in Short Blades
129479 | Pan      | Identified the +7 shortbow of the Evening {flame, rElec
                  | rN+}
129481 | Pan      | Identified the Atlas of Reconstruction
129481 | Pan      | Identified the Omnibus of Electrocution and the Evil Eye
129483 | Pan      | Identified the +3 great sword "Gerid" {drain, *Rage rCorr
                  | Int+3}
129785 | Pan      | Found the +6 sword of Cerebov {flame}
129785 | Pan      | Noticed Cerebov
129935 | Pan      | Found an exit through the horrors of the Abyss.
130172 | Pan      | Identified the Guide on Filthy Trauma
130174 | Pan      | Identified the +5 orcbow "Zomis" {heavy, rF+++ Int+3}
130174 | Pan      | Identified the Information on the Incandescent Entourage
130302 | Pan      | Killed Cerebov
130313 | Pan      | Got a fiery rune of Zot
131625 | Pan      | Noticed Xiacki the pandemonium lord
131633 | Pan      | Killed Xiacki the pandemonium lord
132600 | Pan      | Identified the Atlas of Moving Contamination
132635 | Pan      | Noticed Wopruisk the pandemonium lord
132718 | Pan      | Lost mutation: Your spells are a little easier to cast, but
                  | a little less powerful. [potion of mutation]
132718 | Pan      | Lost mutation: You are frail. (-10% HP) [potion of
                  | mutation]
132718 | Pan      | Lost mutation: You are occasionally teleported next to
                  | monsters. [potion of mutation]
132718 | Pan      | Gained mutation: Your flesh is cold resistant. (rC+)
                  | [potion of mutation]
132729 | Pan      | Lost mutation: You occasionally shout uncontrollably at
                  | your foes. [potion of mutation]
132729 | Pan      | Lost mutation: Your magical capacity is low. (-10% MP)
                  | [potion of mutation]
132729 | Pan      | Lost mutation: You are dopey. (Int -2) [potion of mutation]
132729 | Pan      | Gained mutation: Your mind is acute. (Int +4, Str/Dex -1)
                  | [potion of mutation]
132729 | Pan      | Gained mutation: You have a somewhat thin skeletal
                  | structure. (Dex +2, Stealth+) [potion of mutation]
132729 | Pan      | Gained mutation: You have sharp fingernails. [potion of
                  | mutation]
133006 | Pan      | Found a runed translucent door.
133393 | Pan      | Reached skill level 15 in Spellcasting
133506 | Pan      | Killed Wopruisk the pandemonium lord
134022 | Pan      | Noticed Vyhad the pandemonium lord
134025 | Pan      | Killed Vyhad the pandemonium lord
134924 | Pan      | Gained mutation: You sometimes lose your temper in combat.
                  | [a neqoxec]
134973 | Pan      | Identified the +2 leather armour "Geif Gerr" {rC- Will+
                  | rCorr}
135000 | Pan      | Found an exit through the horrors of the Abyss.
135016 | Pan      | Gained mutation: You occasionally shout uncontrollably at
                  | your foes. [mutagenic glow]
135026 | Pan      | Lost mutation: You sometimes lose your temper in combat. [a
                  | neqoxec]
135519 | Pan      | Found an exit through the horrors of the Abyss.
135719 | Pan      | Noticed Tunov the pandemonium lord
135724 | Pan      | Killed Tunov the pandemonium lord
136536 | Pan      | Noticed Caschew the pandemonium lord
136544 | Pan      | Killed Caschew the pandemonium lord
137182 | Pan      | Found an exit through the horrors of the Abyss.
137988 | Pan      | Noticed Yload the pandemonium lord
137993 | Pan      | Killed Yload the pandemonium lord
138028 | Pan      | Found an exit through the horrors of the Abyss.
139397 | Pan      | Noticed Refuo the pandemonium lord
139403 | Pan      | Killed Refuo the pandemonium lord
139980 | Pan      | Noticed Mefatayd the pandemonium lord
139991 | Pan      | Killed Mefatayd the pandemonium lord
140265 | Pan      | Gained mutation: You sometimes lose your temper in combat.
                  | [a neqoxec]
140382 | Pan      | Lost mutation: You occasionally shout uncontrollably at
                  | your foes. [potion of mutation]
140382 | Pan      | Lost mutation: Armour fits poorly on your strangely shaped
                  | body. [potion of mutation]
140382 | Pan      | Lost mutation: Your flesh is cold resistant. (rC+) [potion
                  | of mutation]
140382 | Pan      | Gained mutation: Armour fits poorly on your strangely
                  | shaped body. [potion of mutation]
141310 | Pan      | Identified the +4 ring mail of the Depths {rElec}
141852 | Pan      | Noticed Saffad the pandemonium lord
141852 | Pan      | Identified the +4 shortbow "Roudghih" {antimagic, rF+
                  | Int+2}
143279 | Pan      | Killed Saffad the pandemonium lord
143516 | Pan      | Upgraded the game from 0.31-a0-654-gbe3e110b4e to
                  | 0.31-a0-656-gb4d89c20fa
143570 | Pan      | Noticed Yhekits the pandemonium lord
143571 | Pan      | Killed Yhekits the pandemonium lord
144479 | Pan      | Found an exit through the horrors of the Abyss.
144665 | Pan      | Identified the +7 chain mail "Foydisob" {Harm rF+ rCorr
                  | Int-4}
145206 | Pan      | Found an exit through the horrors of the Abyss.
145470 | Pan      | Noticed Wogrigeu the pandemonium lord
145487 | Pan      | Killed Wogrigeu the pandemonium lord
145663 | Pan      | Identified the +2 leather armour "Evuing" {Harm *Corrode
                  | MP+9 Int+5}
146661 | Pan      | Found an exit through the horrors of the Abyss.
147277 | Pan      | Noticed Xeogum the pandemonium lord
147281 | Pan      | Killed Xeogum the pandemonium lord
147974 | Pan      | Noticed Titevir the pandemonium lord
147977 | Pan      | Killed Titevir the pandemonium lord
148214 | Pan      | Reached skill level 27 in Spellcasting
148227 | Pan      | Reached skill level 1 in Shapeshifting
149087 | Pan      | Learned a level 8 spell: Disjunction
149095 | Pan      | Learned a level 7 spell: Malign Gateway
149185 | Pan      | Reached skill level 5 in Shapeshifting
150263 | Pan      | Found an exit through the horrors of the Abyss.
150605 | Pan      | Noticed Ziewir the pandemonium lord
150608 | Pan      | Killed Ziewir the pandemonium lord
151082 | Pan      | Noticed Yharot the pandemonium lord
151085 | Pan      | Killed Yharot the pandemonium lord
151583 | Pan      | Found an exit through the horrors of the Abyss.
152302 | Pan      | Reached skill level 10 in Shapeshifting
153176 | Pan      | Noticed Qalic the pandemonium lord
153180 | Pan      | Killed Qalic the pandemonium lord
153583 | Pan      | Acquired 706 gold pieces
154565 | Pan      | Identified the +1 chain mail of the Prince of Darkness
                  | {Rampage}
155299 | Pan      | Gained mutation: You are vulnerable to heat. (rF-) [a
                  | cacodemon]
156017 | Pan      | Found a huge runed translucent gate.
156017 | Pan      | Found a huge runed translucent gate.
156018 | Pan      | Found a huge runed translucent gate.
156018 | Pan      | Found a huge runed translucent gate.
156018 | Pan      | Found a huge runed translucent gate.
156019 | Pan      | Found a huge runed translucent gate.
156019 | Pan      | Found a huge runed translucent gate.
156019 | Pan      | Found a huge runed translucent gate.
156025 | Pan      | Found a huge runed translucent gate.
156025 | Pan      | Found a huge runed translucent gate.
156026 | Pan      | Found a huge runed translucent gate.
156026 | Pan      | Found a huge runed translucent gate.
156027 | Pan      | Found a huge runed translucent gate.
156027 | Pan      | Found a huge runed translucent gate.
156027 | Pan      | Found a huge runed translucent gate.
156027 | Pan      | Found a huge runed translucent gate.
156028 | Pan      | Found a huge runed translucent gate.
156028 | Pan      | Found a huge runed translucent gate.
156028 | Pan      | Found a huge runed translucent gate.
156028 | Pan      | Found a huge runed translucent gate.
156028 | Pan      | Found a huge runed translucent gate.
156032 | Pan      | Noticed Teclel the pandemonium lord
156048 | Pan      | Lost mutation: You have a somewhat thin skeletal structure.
                  | (Dex +2, Stealth+) [potion of mutation]
156048 | Pan      | Lost mutation: You sometimes lose your temper in combat.
                  | [potion of mutation]
156048 | Pan      | Lost mutation: Your mind is acute. (Int +4, Str/Dex -1)
                  | [potion of mutation]
156048 | Pan      | Gained mutation: You have razor-sharp toenails. [potion of
                  | mutation]
156049 | Pan      | Lost mutation: Armour fits poorly on your strangely shaped
                  | body. [potion of mutation]
156049 | Pan      | Lost mutation: You are vulnerable to heat. (rF-) [potion of
                  | mutation]
156049 | Pan      | Lost mutation: You have sharp fingernails. [potion of
                  | mutation]
156049 | Pan      | Gained mutation: You passively map a small area around you.
                  | [potion of mutation]
156049 | Pan      | Gained mutation: You are dopey. (Int -2) [potion of
                  | mutation]
156063 | Pan      | Killed Teclel the pandemonium lord
156163 | Pan      | Identified the +6 short sword of Uskayaw {heavy, rN+}
156195 | Pan      | Reached skill level 15 in Shapeshifting
156342 | Pan      | Found a transporter.
156361 | Pan      | Found a transporter.
156370 | Pan      | Identified the amulet "Busif" {Acrobat rCorr}
156389 | Pan      | Identified the +0 hat "Edigamenn" {rCorr MP+9 Int+3 Slay+3}
156670 | Pan      | Gained mutation: You sometimes lose your temper in combat.
                  | [a cacodemon]
156858 | Pan      | Gained mutation: You occasionally lose the ability to drink
                  | potions when taking damage. [a cacodemon]
156861 | Pan      | Gained mutation: You have an uncontrollable temper. [a
                  | cacodemon]
157181 | Pan      | Found an exit through the horrors of the Abyss.
157637 | Pan      | Identified the +4 short sword of Dominance {venom, Stlth+}
158724 | Pan      | Identified the +7 chain mail "Istolumm" {rF- rC+ Dex+4}
158755 | Pan      | Found a runed translucent door.
158766 | Pan      | Found a runed translucent door.
158995 | Pan      | Found a runed translucent door.
159076 | Pan      | Found an exit through the horrors of the Abyss.
159234 | Pan      | Found a runed translucent door.
159252 | Pan      | Noticed Igra the pandemonium lord
159718 | Pan      | Killed Igra the pandemonium lord
159723 | Pan      | Identified the +1 robe "Gedghag" {rElec Will++ Int+4}
159994 | Pan      | Found a runed translucent door.
161222 | Pan      | Identified the +7 halberd "Ziethrag" {heavy, rElec Will-
                  | Str+3 Int+7}
161534 | Pan      | Found an exit through the horrors of the Abyss.
162277 | Pan      | Noticed Qofaxas the pandemonium lord
162281 | Pan      | Killed Qofaxas the pandemonium lord
162339 | Pan      | Noticed Edo Ejae the pandemonium lord
162347 | Pan      | Killed Edo Ejae the pandemonium lord
162543 | Pan      | Identified the staff of Fortitude {Dex+4 Earth}
163224 | Pan      | Found an exit through the horrors of the Abyss.
164010 | Pan      | Identified the ring of Starshine {AC+4 Str+4 Dex+4 SInv
                  | Stlth+}
164746 | Pan      | Noticed Xetzel the pandemonium lord
164748 | Pan      | Killed Xetzel the pandemonium lord
165644 | Pan      | Identified the ring "Vekyipt" {rPois rF+ Str+2 Int-4 Dex+4}
166261 | Pan      | Found an exit through the horrors of the Abyss.
166901 | Pan      | Noticed Wugeug the pandemonium lord
166905 | Pan      | Killed Wugeug the pandemonium lord
167280 | Pan      | Found an exit through the horrors of the Abyss.
168588 | Pan      | Noticed Riraydy the pandemonium lord
168595 | Pan      | Killed Riraydy the pandemonium lord
168872 | Pan      | Found an exit through the horrors of the Abyss.
171012 | Pan      | Found an exit through the horrors of the Abyss.
171281 | Pan      | Noticed Sigou the pandemonium lord
171286 | Pan      | Killed Sigou the pandemonium lord
171494 | Pan      | Identified the ring of the Pure Tales {rF+ rCorr Str+4}
171496 | Pan      | Identified the +7 halberd of the Key {heavy, rF+}
171497 | Pan      | Identified the +5 flail of Tension {flame, rPois}
172174 | Pan      | Noticed Ohout the pandemonium lord
172177 | Pan      | Killed Ohout the pandemonium lord
172918 | Pan      | Found an exit through the horrors of the Abyss.
173826 | Pan      | Noticed Mekaweutivo the pandemonium lord
173830 | Pan      | Killed Mekaweutivo the pandemonium lord
174038 | Pan      | Identified the +0 pair of gloves of the Screaming Gods
                  | {Rampage rElec}
174696 | Pan      | Found an exit through the horrors of the Abyss.
175933 | Depths:1 | Escaped Pandemonium
175940 | Pan      | Entered Pandemonium
175949 | Pan      | Reached skill level 27 in Shapeshifting
176435 | Pan      | Noticed Waixumaj the pandemonium lord
176441 | Pan      | Killed Waixumaj the pandemonium lord
177704 | Pan      | Gained mutation: You are frail. (-10% HP) [a cacodemon]
178041 | Pan      | Noticed Uffopt the pandemonium lord
178049 | Pan      | Killed Uffopt the pandemonium lord
178283 | Pan      | Found an exit through the horrors of the Abyss.
179384 | Pan      | Noticed Xitenuop the pandemonium lord
179386 | Pan      | Killed Xitenuop the pandemonium lord
179606 | Pan      | Found an exit through the horrors of the Abyss.
180439 | Pan      | Found a transporter.
180649 | Pan      | Found a transporter.
180649 | Pan      | Identified the ring "Vylozik" {rPois Str+2 Int+6}
180844 | Pan      | Found an exit through the horrors of the Abyss.
181554 | Pan      | Identified the ring "Eplulur" {MP+9 Str+6}
181569 | Pan      | Identified the +0 chain mail "Vemauwn" {rF+ Regen+}
181686 | Pan      | Found an exit through the horrors of the Abyss.
182505 | Pan      | Found a transporter.
183660 | Pan      | Identified the amulet "Yris" {Acrobat Harm rF+ Int+2}
183661 | Pan      | Found a transporter.
183749 | Pan      | Identified the amulet of Lady Luck {+Blink Regen+}
183949 | Pan      | Identified the +5 ring mail of the Wumpus {rElec Dex+3}
184195 | Pan      | Noticed Farryegh the pandemonium lord
184198 | Pan      | Killed Farryegh the pandemonium lord
184835 | Pan      | Reached skill level 10 in Throwing
186361 | Pan      | Noticed Hutuzaop the pandemonium lord
186365 | Pan      | Killed Hutuzaop the pandemonium lord
188089 | Pan      | Reached skill level 15 in Throwing
188626 | Pan      | Noticed Xuan the pandemonium lord
188628 | Pan      | Killed Xuan the pandemonium lord
189508 | Pan      | Reached skill level 5 in Transmutations
189641 | Pan      | Noticed Asougre the pandemonium lord
189644 | Pan      | Killed Asougre the pandemonium lord
190038 | Pan      | Found an exit through the horrors of the Abyss.
191098 | Pan      | Reached skill level 10 in Transmutations
191101 | Pan      | Noticed Kimi Syu the pandemonium lord
191104 | Pan      | Killed Kimi Syu the pandemonium lord
191221 | Pan      | Identified the +5 war axe "Samugi" {pain, Int+2}
192334 | Pan      | Identified the +5 tower shield of Gozag, Conjuring {Will+
                  | MP+9 Dex-2}
192345 | Pan      | Noticed Rahebbi the pandemonium lord
192347 | Pan      | Killed Rahebbi the pandemonium lord
193049 | Pan      | Found an exit through the horrors of the Abyss.
194175 | Pan      | Noticed Nipyeqea the pandemonium lord
194175 | Pan      | Gained mutation: Your magical capacity is low. (-10% MP) [a
                  | neqoxec]
194179 | Pan      | Killed Nipyeqea the pandemonium lord
195124 | Pan      | Noticed Qaumpaho the pandemonium lord
195126 | Pan      | Killed Qaumpaho the pandemonium lord
195127 | Pan      | Reached skill level 15 in Transmutations
195404 | Pan      | Identified the +8 hand axe of Anguish {venom, Will- Str+7}
195583 | Pan      | Found an exit through the horrors of the Abyss.
195706 | Pan      | Identified the +5 long sword of Tistocve {holy, rN+}
198345 | Pan      | Found an exit through the horrors of the Abyss.
198483 | Pan      | Found a runed translucent door.
200170 | Pan      | Noticed Cofiz the pandemonium lord
200171 | Pan      | Killed Cofiz the pandemonium lord
200181 | Depths:1 | Escaped Pandemonium
200369 | Hell     | Entered the Vestibule of Hell
200369 | Hell     | Noticed Geryon
200371 | Hell     | Killed Geryon
200372 | Hell     | Reached skill level 1 in Unarmed Combat
200419 | Hell     | Found a gateway to the ashen valley of Gehenna.
200510 | Hell     | Found a gateway to the Iron City of Dis.
200680 | Hell     | Reached skill level 5 in Unarmed Combat
200728 | Hell     | Found a gateway to the decaying netherworld of Tartarus.
200911 | Hell     | Found a gateway to the freezing wastes of Cocytus.
201031 | Hell     | Lost mutation: You are frail. (-10% HP) [potion of
                  | mutation]
201031 | Hell     | Lost mutation: You have razor-sharp toenails. [potion of
                  | mutation]
201031 | Hell     | Lost mutation: Your magical capacity is low. (-10% MP)
                  | [potion of mutation]
201031 | Hell     | Gained mutation: You have razor-sharp toenails. [potion of
                  | mutation]
201031 | Hell     | Gained mutation: Your body sometimes deteriorates upon
                  | taking damage. [potion of mutation]
201032 | Hell     | Lost mutation: You have an uncontrollable temper. [potion
                  | of mutation]
201032 | Hell     | Lost mutation: You sometimes lose your temper in combat.
                  | [potion of mutation]
201032 | Hell     | Gained mutation: You sometimes lose your temper in combat.
                  | [potion of mutation]
201032 | Hell     | Gained mutation: Your spells are a little harder to cast,
                  | but a little more powerful. [potion of mutation]
201032 | Hell     | Lost mutation: You are dopey. (Int -2) [potion of mutation]
201033 | Hell     | Lost mutation: You have razor-sharp toenails. [potion of
                  | mutation]
201033 | Hell     | Lost mutation: You sometimes lose your temper in combat.
                  | [potion of mutation]
201033 | Hell     | Lost mutation: You have sharp toenails. [potion of
                  | mutation]
201033 | Hell     | Gained mutation: Your skin changes colour to match your
                  | surroundings (Stealth+). [potion of mutation]
201033 | Hell     | Gained mutation: You occasionally lose the ability to read
                  | scrolls when taking damage. [potion of mutation]
201033 | Hell     | Gained mutation: Your mind is acute. (Int +4, Str/Dex -1)
                  | [potion of mutation]
201034 | Hell     | Lost mutation: Your mind is acute. (Int +4, Str/Dex -1)
                  | [potion of mutation]
201034 | Hell     | Lost mutation: Your spells are a little harder to cast, but
                  | a little more powerful. [potion of mutation]
201034 | Hell     | Gained mutation: You have hidden genetic potential. [potion
                  | of mutation]
201034 | Hell     | Gained mutation: You sometimes lose the ability to drink
                  | potions when taking damage. [potion of mutation]
201034 | Hell     | Gained mutation: You are resistant to electric shocks.
                  | (rElec) [potion of mutation]
201036 | Hell     | Lost mutation: Your body sometimes deteriorates upon taking
                  | damage. [potion of mutation]
201036 | Hell     | Lost mutation: You occasionally lose the ability to read
                  | scrolls when taking damage. [potion of mutation]
201036 | Hell     | Lost mutation: You sometimes lose the ability to drink
                  | potions when taking damage. [potion of mutation]
201036 | Hell     | Gained mutation: You are dopey. (Int -2) [potion of
                  | mutation]
201084 | Coc:1    | Entered Level 1 of Cocytus
201300 | Coc:6    | Noticed a juggernaut
201315 | Coc:6    | Killed a juggernaut
201512 | Coc:6    | Noticed a juggernaut
201517 | Coc:6    | Killed a juggernaut
201522 | Coc:6    | Reached skill level 10 in Unarmed Combat
201858 | Coc:7    | Entered Level 7 of Cocytus
202605 | Coc:7    | Identified the +7 battleaxe of the Thieving Hawk {flame,
                  | Str+2}
202605 | Coc:7    | Identified the amulet "Hogunuho" {RegenMP Rampage Fly rC+++
                  | Int-2}
202748 | Coc:7    | Identified the Information on Calefaction and Blows
202753 | Coc:7    | Found the +8 arc blade {discharge, rElec}
202880 | Coc:7    | Gained mutation: Your muscles are strong. (Str +4, Int/Dex
                  | -1) [hidden potential]
202916 | Coc:7    | Noticed a shard shrike
202920 | Coc:7    | Killed a shard shrike
202921 | Coc:7    | Reached skill level 15 in Unarmed Combat
203148 | Coc:7    | Noticed Antaeus
203165 | Coc:7    | Killed Antaeus
203191 | Coc:7    | Identified the +4 arbalest of Compound Interest {penet,
                  | Int+3}
203198 | Coc:7    | Got an icy rune of Zot
203472 | Coc:7    | Noticed a shard shrike
203494 | Coc:7    | Killed a shard shrike
203809 | Tar:1    | Entered Level 1 of Tartarus
204312 | Tar:7    | Entered Level 7 of Tartarus
204446 | Tar:7    | Noticed a dread lich
204449 | Tar:7    | Killed a dread lich
204557 | Tar:7    | Noticed a dread lich
204559 | Tar:7    | Killed a dread lich
204570 | Tar:7    | Gained mutation: Your spells are a little harder to cast,
                  | but a little more powerful. [hidden potential]
204570 | Tar:7    | Lost mutation: You have hidden genetic potential. [hidden
                  | potential expressed]
204641 | Tar:7    | Noticed the Serpent of Hell
204645 | Tar:7    | Killed the Serpent of Hell
204648 | Tar:7    | Noticed a dread lich
204653 | Tar:7    | Killed a dread lich
204712 | Tar:7    | Noticed Ereshkigal
204714 | Tar:7    | Killed Ereshkigal
204740 | Tar:7    | Got a bone rune of Zot
205207 | Tar:7    | Identified the +8 plate armour of Tooch {rCorr}
205207 | Tar:7    | Identified the +8 falchion of Kesmib {flame, Drain rF+ rC+
                  | Dex+2}
205235 | Tar:7    | Identified the +3 leather armour of the End {Dex+3}
205239 | Tar:7    | Identified the ring "Yvuac" {rN+ MP+9 Int+3 Dex+2}
205659 | Tar:7    | Identified the +8 hand axe "Hovuxuva" {heavy, Drain +Blink
                  | rElec SInv}
205659 | Tar:7    | Identified the ring "Roiliorr" {Drain rPois rF+ rC+ SInv}
205660 | Tar:7    | Identified the +9 chain mail of the Centaur {rElec rPois
                  | Dex-2 Stlth+}
205662 | Tar:7    | Identified the +6 morningstar of Zin's Fury {heavy, *Noise
                  | rElec SInv}
205750 | Tar:7    | Identified the +6 battleaxe "Gram" {flame, Str+4}
205767 | Tar:7    | Identified Weiguom's Spellbook of Ceraunoscopy and Heat
205768 | Tar:7    | Identified the +1 leather armour of Fuj Egam {Stlth+}
205768 | Tar:7    | Identified the Annotations on Frigorific Elsewhere
205851 | Tar:7    | Identified the +0 robe of Pride {-Tele rPois rF+++ rN+}
205852 | Tar:7    | Identified the staff of the Mind {rElec Dex+3 Stlth- Conj}
205986 | Dis:1    | Entered Level 1 of the Iron City of Dis
206368 | Dis:3    | Noticed a dread lich
206370 | Dis:3    | Killed a dread lich
206371 | Dis:3    | Noticed a dread lich
206374 | Dis:3    | Killed a dread lich
206375 | Dis:3    | Noticed a royal mummy
206378 | Dis:3    | Killed a royal mummy
206621 | Dis:3    | Noticed a royal mummy
206625 | Dis:3    | Killed a royal mummy
206722 | Dis:3    | Noticed a royal mummy
206724 | Dis:3    | Killed a royal mummy
206734 | Dis:3    | Noticed a royal mummy
206735 | Dis:3    | Killed a royal mummy
207078 | Dis:6    | Noticed a dread lich
207080 | Dis:6    | Killed a dread lich
207099 | Dis:7    | Entered Level 7 of the Iron City of Dis
207964 | Dis:7    | Noticed a juggernaut
207971 | Dis:7    | Killed a juggernaut
207979 | Dis:7    | Identified the Meditations on Roasted Degeneration
207979 | Dis:7    | Identified Wuumoczo's Lectures on the Gang
208488 | Dis:7    | Reached skill level 27 in Unarmed Combat
209462 | Dis:7    | Noticed Dispater
209467 | Dis:7    | Noticed a juggernaut
209476 | Dis:7    | Killed a juggernaut
209483 | Dis:7    | Killed Dispater
209638 | Dis:7    | Identified the +2 hand axe of the Thoughtful Tales {flame,
                  | Fragile rElec Str+2}
209645 | Dis:7    | Got an iron rune of Zot
210394 | Geh:1    | Entered Level 1 of Gehenna
210408 | Geh:2    | Lost strength.
210453 | Geh:2    | Reached skill level 1 in Long Blades
210752 | Geh:3    | Reached skill level 5 in Long Blades
211268 | Geh:3    | Noticed a dread lich
211278 | Geh:3    | Killed a dread lich
211790 | Geh:7    | Entered Level 7 of Gehenna
211918 | Geh:7    | Reached skill level 10 in Long Blades
212208 | Geh:7    | Found the +8 frozen axe "Frostbite" {freeze, freezing
                  | cloud, *Noise Fly rC+}
212483 | Geh:7    | Identified Wonaol's Lessons on the Incandescent Sphinx
212946 | Geh:7    | Found the +13 sceptre of Asmodeus
212946 | Geh:7    | Noticed Asmodeus
212981 | Geh:7    | Killed Asmodeus
213051 | Geh:7    | Noticed an ancient lich
213053 | Geh:7    | Identified the +7 short sword of Soyt {heavy, Fly rElec
                  | Will- SInv}
213059 | Geh:7    | Killed an ancient lich
213084 | Geh:7    | Identified the staff of the Big Fish {Int+6 Conj}
213096 | Geh:7    | Identified the +4 dagger of Ignis {freeze, rN++}
213120 | Geh:7    | Got an obsidian rune of Zot
213761 | Tomb:1   | Entered Level 1 of the Tomb of the Ancients
214190 | Tomb:1   | Noticed a royal mummy
214199 | Tomb:1   | Killed a royal mummy
214626 | Tomb:1   | Noticed a royal mummy
214633 | Tomb:1   | Killed a royal mummy
214634 | Tomb:1   | Noticed a royal mummy
214638 | Tomb:1   | Reached skill level 15 in Long Blades
214651 | Tomb:1   | Killed a royal mummy
214873 | Tomb:1   | Identified the +1 ring mail "Jiyn" {Rampage}
215496 | Tomb:2   | Noticed a royal mummy
215502 | Tomb:2   | Killed a royal mummy
215503 | Tomb:2   | Noticed a royal mummy
215514 | Tomb:2   | Killed a royal mummy
215532 | Tomb:2   | Noticed a royal mummy
215532 | Tomb:2   | Noticed a royal mummy
215565 | Tomb:2   | Killed a royal mummy
215575 | Tomb:2   | Killed a royal mummy
215730 | Tomb:2   | Acquired 960 gold pieces
215979 | Tomb:1   | Noticed a royal mummy
215990 | Tomb:1   | Killed a royal mummy
215994 | Tomb:1   | Noticed a royal mummy
215996 | Tomb:1   | Noticed a royal mummy
216001 | Tomb:1   | Killed a royal mummy
216005 | Tomb:1   | Killed a royal mummy
216041 | Tomb:1   | Noticed a royal mummy
216045 | Tomb:1   | Noticed a royal mummy
216047 | Tomb:1   | Killed a royal mummy
216057 | Tomb:1   | Killed a royal mummy
216100 | Tomb:1   | Noticed a royal mummy
216102 | Tomb:1   | Noticed a royal mummy
216107 | Tomb:1   | Killed a royal mummy
216114 | Tomb:1   | Killed a royal mummy
216118 | Tomb:1   | Noticed a royal mummy
216122 | Tomb:1   | Killed a royal mummy
216125 | Tomb:1   | Noticed a royal mummy
216126 | Tomb:1   | Noticed a royal mummy
216126 | Tomb:1   | Noticed a royal mummy
216133 | Tomb:1   | Killed a royal mummy
216135 | Tomb:1   | Noticed a royal mummy
216143 | Tomb:1   | Killed a royal mummy
216144 | Tomb:1   | Noticed a royal mummy
216155 | Tomb:1   | Killed a royal mummy
216165 | Tomb:1   | Noticed a royal mummy
216166 | Tomb:1   | Killed a royal mummy
216173 | Tomb:1   | Killed a royal mummy
216174 | Tomb:1   | Noticed a royal mummy
216179 | Tomb:1   | Killed a royal mummy
216186 | Tomb:1   | Killed a royal mummy
216218 | Tomb:1   | Noticed a royal mummy
216223 | Tomb:1   | Killed a royal mummy
216280 | Tomb:1   | Noticed a royal mummy
216283 | Tomb:1   | Noticed a royal mummy
216284 | Tomb:1   | Killed a royal mummy
216289 | Tomb:1   | Killed a royal mummy
216320 | Tomb:1   | Noticed a royal mummy
216330 | Tomb:1   | Killed a royal mummy
216489 | Tomb:3   | Entered Level 3 of the Tomb of the Ancients
216511 | Tomb:3   | Identified the +4 demon blade of the Pariah {flame, +Blink
                  | rElec rCorr Dex-5}
216511 | Tomb:3   | Found the +8 whip "Snakebite" {venom, curare, rPois}
216589 | Tomb:3   | Noticed a royal mummy
216589 | Tomb:3   | Noticed a royal mummy
216598 | Tomb:3   | Noticed a royal mummy
216600 | Tomb:3   | Noticed a royal mummy
216616 | Tomb:3   | Killed a royal mummy
216642 | Tomb:3   | Killed a royal mummy
216646 | Tomb:3   | Killed a royal mummy
216648 | Tomb:3   | Noticed a royal mummy
217128 | Tomb:3   | Noticed a royal mummy
217135 | Tomb:3   | Noticed a royal mummy
217149 | Tomb:3   | Killed a royal mummy
217172 | Tomb:3   | HP: 6/199 [death scarab (5)]
217659 | Tomb:3   | Killed a royal mummy
217874 | Tomb:3   | Killed a royal mummy
218083 | Tomb:3   | Killed a royal mummy
218281 | Tomb:3   | Identified the +1 leather armour "Til Eno" {-Tele rPois
                  | rN+}
218306 | Tomb:3   | Identified the ring "Becus" {rPois MP+9 Int+3}
218311 | Tomb:3   | Identified the +5 battleaxe of Pride {pain, rF+ rN+ Dex+2}
218312 | Tomb:3   | Identified the +8 great sword "Qagaeh" {antimagic, rF+ rN+
                  | Dex-2 Stlth+}
218337 | Tomb:3   | Identified Dozxypym's Beginning Course on Hermetics
218388 | Tomb:3   | Noticed a royal mummy
218402 | Tomb:3   | Killed a royal mummy
218403 | Tomb:3   | Noticed a royal mummy
218412 | Tomb:3   | Killed a royal mummy
218578 | Tomb:3   | Got a golden rune of Zot
218620 | Tomb:3   | Identified the ring of Scepticism {Wiz rCorr Int+2 SInv}
218642 | Tomb:3   | Identified the +7 triple sword "Betiobei" {flame, rC- Int+5
                  | SInv Stlth+}
220209 | Zot:5    | Noticed an orb of fire
220210 | Zot:5    | Noticed a Killer Klown
220217 | Zot:5    | Noticed an orb of fire
220222 | Zot:5    | Killed an orb of fire
220222 | Zot:5    | Killed a Killer Klown
220222 | Zot:5    | Killed an orb of fire
220241 | Zot:5    | Noticed a dread lich
220244 | Zot:5    | Killed a dread lich
220248 | Zot:5    | Noticed a Killer Klown
220249 | Zot:5    | Noticed a Killer Klown
220251 | Zot:5    | Killed a Killer Klown
220252 | Zot:5    | Noticed a Killer Klown
220253 | Zot:5    | Noticed an orb of fire
220257 | Zot:5    | Killed a Killer Klown
220258 | Zot:5    | Killed an orb of fire
220260 | Zot:5    | Killed a Killer Klown
220359 | Zot:5    | Paralysed by a Zot trap for 3 turns
220368 | Zot:5    | Noticed an orb of fire
220377 | Zot:5    | Killed an orb of fire
220461 | Zot:5    | Noticed an orb of fire
220462 | Zot:5    | Noticed a dread lich
220467 | Zot:5    | Killed a dread lich
220467 | Zot:5    | Killed an orb of fire
220468 | Zot:5    | Noticed an orb of fire
220473 | Zot:5    | Killed an orb of fire
220519 | Zot:5    | Noticed an orb of fire
220532 | Zot:5    | Killed an orb of fire
221045 | Zot:5    | Got the Orb of Zot
221117 | Zot:2    | Gained mutation: You are very dopey. (Int -4) [a neqoxec]
221517 | D:4      | Noticed Peodul the pandemonium lord
221526 | D:4      | Killed Peodul the pandemonium lord
221576 | D:2      | Noticed Amoc the pandemonium lord
221651 | D:$      | Escaped with the Orb!

Illustrated notes

Levels and vault maps discovered:
D:1:      minmay_arrival_split_and_join, layout_basic, serial_shops, shop,
          chequers_arboretum, nicolae_shop_vocational
D:2:      layout_loops_corners, corexii_leaking_fountain, uniq_sigmund
D:3:      layout_rooms, dk_noncrumbling_2
D:4:      layout_gridville, uniq_grinder
D:5:      layout_loops_cross, mainiacjoe_overflow_catwalk_spiral,
          minmay_temple_entry_tees
D:6:      layout_basic, mainiacjoe_overflow_brackets, vehumet_crystals,
          hex_medium, corexii_corridor_pit
D:7:      layout_loops_ring, fedhas_bush_and_centaur_altar,
          jmf_multi_god_temple2, gammafunk_ghost_cemetery, enter_bailey_5,
          minivault_27, uniq_menkaure
D:8:      layout_basic, kennysheep_ying_yang, mainiacjoe_overflow_cross_hatched,
          uniq_maggie
D:9:      layout_roguey, david_lair_shrubbed, special_room [special_room_orc],
          uniq_maurice
D:10:     layout_irregular_city
D:11:     layout_roguey [special_room_orc], serial_rivers,
          chequers_serial_rivers_micro_e, chequers_serial_rivers_large_a,
          chequers_serial_rivers_micro_d, chequers_serial_rivers_room_a,
          gauntlet_entry_generic, uniq_harold
D:12:     layout_loops_corners, minmay_orc_entry_temple_large
D:13:     layout_irregular_city, nrook_guardian_serpent_ordinary, uniq_snorg,
          uniq_sonja, uniq_erolcha
D:14:     layout_loops_ring, hellmonk_vaults_attempted_burglary,
          nemelex_lonely_heart_becter
D:15:     grunt_enter_depths_magical_seal, layout_grid_maze, minivault_25,
          serial_shops, nicolae_shop_temple_entry_statues_fountains,
          nicolae_kikubaaqudgha_miasma_corner, uniq_rupert
Temple:   hellmonk_temple_flake
Lair:1:   layout_cave_pods, infiniplex_staircase_pool_2
Lair:2:   layout_hall_layers, minmay_shoals_entry_lonely_mermaid,
          spider_nest_entry_web_field, nicolae_volcano_entry_lava_flow,
          minivault_24, uniq_fannar
Lair:3:   cheibrodos_lair_river_kwai, layout_hall_layers, nicolae_lair_lindhole
Lair:4:   gammafunk_lair_enchanted_lake, layout_misc_corridors,
          dpeg_slime_entry_enclosed, minmay_lair_drake_nest
Lair:5:   hangedman_lair_caniforms_friends, layout_regular_city,
          hangedman_lair_generics_rect
Shoals:1: layout_shoals, gammafunk_ghost_split, uniq_roxanne
Shoals:2: layout_shoals
Shoals:3: cheibrodos_shoals_gigantism, layout_shoals, st_sunken_temple
Shoals:4: shoals_end_hellmonk_storm_palace [storm_palace_center_ruins,
          storm_palace_corner_narrow, storm_palace_corner_pillars,
          storm_palace_corner_grid, storm_palace_corner_grid]
Spider:1: layout_spider_delve, uniq_louise, uniq_aizul, uniq_mlioglotl
Spider:2: layout_chambers, hangedman_spider_tarantella_strand, uniq_arachne
Spider:3: layout_cave_pods
Spider:4: hellmonk_spider_rune_bug_friends, beargit_elvish_explorers
Slime:1:  layout_caves, basic_altar
Slime:2:  layout_caves
Slime:3:  cheibrodos_slime_lost_civilization_2, layout_caves,
          nicolae_slime_crime_time
Slime:4:  layout_caves
Slime:5:  slime_pit_nicolae_royal_road_to_ruin
Orc:1:    layout_diamond_mine, serial_shops, nicolae_shop_tiny_real_fake_doors,
          uniq_erica
Orc:2:    grunt_orc_gardens, layout_caves, grunt_orc_garden, grunt_orc_garden,
          grunt_orc_garden, grunt_orc_garden
Elf:1:    minmay_elf_arrival_circle, layout_gridlike, hangedman_elf_represent
Elf:2:    elven_hall_of_blades_hangedman_alternative
          [nicolae_blade_entry_diamond_columns], layout_gridlike,
          portal_ice_cave_entry_pillars_2, drop_trap, dk_noncrumbling_3,
          nicolae_twisty_statue_hallways
Elf:3:    nooodl_elf_gasket, layout_geoelf_diagonals, serial_shops, shop,
          nicolae_twisting_strands
Vaults:1: portal_desolation_entry_nicolae_nacl, nicolae_vaults_weapon_check,
          v_misc_30, hangedman_vaults_slither, v_pattern_4,
          nicolae_vaults_surprise_closet_hard, nicolae_vaults_steering_wheel,
          nicolae_vaults_network_s, nicolae_vaults_little_squares_2,
          grunt_vaults_hallway_long, v_misc_8, nicolae_vaults_trapezoid_3,
          layout_vaults_ring, serial_shops, shop
Vaults:2: nicolae_vaults_closet_pinwheel_2, nicolae_vaults_circle_grid_a,
          nicolae_vaults_wrenched, hangedman_vaults_snaps, grunt_vaults_focal,
          vaults_room_corners, nicolae_vaults_little_squares_4,
          nicolae_vaults_circle_grid_b, nicolae_vaults_windows_and_doors_thing,
          hangedman_vaults_maws, nicolae_vaults_trapezoid_lopsided_3,
          vaults_room_stairs_pillars, nicolae_vaults_storage_room_statues,
          vaults_room_hallway, layout_vaults_omnicross, serial_shops,
          nicolae_shop_bloodbath_and_beyond
Vaults:3: minmay_crypt_entry_vampire_xt, v_misc_15, nicolae_vaults_trapezoid_3,
          v_pattern_5, v_misc_23, nicolae_vaults_closet_pinwheel_1,
          nicolae_vaults_six-pack, vaults_room_corners, v_misc_16,
          layout_vaults_omnigrid
Vaults:4: nicolae_vaults_doubleplus_tesselated, nicolae_vaults_network_star,
          ontoclasm_vaults_gateway, ontoclasm_vaults_spin,
          hangedman_vaults_corner_blocks, ontoclasm_vaults_idyll,
          vaults_room_corners, ontoclasm_vaults_twist,
          nicolae_vaults_door_testing_chamber, nicolae_vaults_six-pack,
          layout_vaults_maze_snakey, uniq_norris
Vaults:5
Crypt:1:  layout_chaotic_city, infiniplex_enter_wizlab_spiral,
          grunt_ministairs_13, grunt_megastairs_3
Crypt:2:  cheibrodos_crypt_3hun_7po, layout_gridlike, fountainhead,
          minmay_large_rounded_square, hangedman_weighted_door, uniq_saint_roka
Crypt:3:  cryptofortress_bobbens
Tomb:1
Tomb:2
Tomb:3
Depths:1: layout_gridlike, kennysheep_donut, rand_demon_pan_entry_7,
          grunt_mini_vestibule, serial_corexii_hall, corexii_hall_statues_x,
          corexii_hall_statues_x, abyss_entry_flame_altar, drop_trap,
          lemuel_zombie_altar_yredelemnul, serial_bayou_shore_b, uniq_mara,
          uniq_asterion, uniq_sojobo
Depths:2: hangedman_crystal_crosses_colossus [crystal_crosses_arms_four,
          crystal_crosses_arms_two, crystal_crosses_arms_one,
          crystal_crosses_arms_one], hell_entry, pan_entry
Depths:3: lightli_eight_chambers, layout_cave_pools, grunt_hell_entry_dis_mu,
          abyss_entry, serial_shops, shop, minmay_misc_feat_enclosed,
          infiniplex_staircase_split_hallway, uniq_enchantress
Depths:4: evilmike_zot_entry_round, layout_cave_pools, enter_ziggurat_b,
          hex_tiny, hell_entry
Hell
Dis:1:    layout_regular_city
Dis:2:    layout_subdivisions, nicolae_hells_hurtin_island
Dis:3:    layout_regular_city, lemuel_mystery_crypt
Dis:4:    layout_gridville
Dis:5:    layout_gridville, hangedman_dis_chains
Dis:6:    layout_gridville, nicolae_hells_seeping_fissure
Dis:7:    dis_st
Geh:1:    layout_gehenna_pools_triple
Geh:2:    layout_gehenna_pools_basic, special_room [special_room_morgue],
          nicolae_geh_isolated_escape
Geh:3:    nicolae_geh_realm_of_the_lava_sea
Geh:4:    layout_gehenna_pools_box
Geh:5:    layout_gehenna_pools_box
Geh:6:    layout_gehenna_lava_caves
Geh:7:    geh_mu
Coc:1:    layout_ice_bergs
Coc:2:    nicolae_coc_naught_crossing, layout_ice_bergs
Coc:3:    nicolae_coc_icebeans_plural [nicolae_sub_coc_subbean,
          nicolae_sub_coc_subbean, nicolae_sub_coc_subbean,
          nicolae_sub_coc_subbean], layout_cocytus_delve
Coc:4:    layout_cocytus_delve
Coc:5:    layout_ice_bergs
Coc:6:    nicolae_hells_titanomachy
Coc:7:    coc_hangedman
Tar:1:    layout_cathedral_of_symmetry
Tar:2:    layout_cathedral_of_symmetry
Tar:3:    layout_honeycomb, nicolae_tar_honey_rotating
Tar:4:    layout_honeycomb
Tar:5:    layout_catacombs
Tar:6:    layout_grid_maze
Tar:7:    tar_old
Zot:1:    hangedman_orp_of_zott, layout_cathedral_of_symmetry,
          grunt_ministairs_9, st_large_dragon_hoard_3, uniq_tiamat
Zot:2:    layout_misc_corridors, hangedman_zot_gyre, bh_zot_ikea_curve, uniq_vv
Zot:3:    layout_onion_interference
Zot:4:    hangedman_snap_crack_crunch, layout_concentric_octagons
Zot:5:    layout_cathedral_of_symmetry

Skill      XL: |  1  2  3  4  5  6  7  8  9 10 11 12 13 14 15 16 17 18 19 20 21 22 23 24 25 26 27 |
---------------+----------------------------------------------------------------------------------+-----
Short Blades   | 2 3 4 5 6 9 13 17 27 | 27.0
Stealth        | 5 6 7 12 13 14 16 18 19 20 21 23 24 | 24.4
Spellcasting   | 3 4 5 7 8 9 10 27 | 27.0
Hexes          | 4 5 6 7 8 9 11 12 | 12.8
Fighting       | 7 8 9 11 12 14 15 16 17 18 20 21 22 | 22.8
Armour         | 2 5 7 19 | 19.8
Dodging        | 3 6 8 11 13 14 16 17 18 20 21 22 23 24 | 24.3
Conjurations   | 3 |  3.2
Transmutations | 2 20 | 20.8
Earth Magic    | 2 6 |  6.6
Shields        | 4 7 8 9 19 | 19.8
Evocations     | 4 7 10 12 15 17 19 | 19.5
Necromancy     | 3 |  3.1
Throwing       | 4 6 16 | 16.0
Summonings     | 4 11 15 | 15.0
Translocations | 27 | 27.0
Air Magic      | 9 |  9.8
Shapeshifting  | 27 | 27.0
Unarmed Combat | 27 | 27.0
Long Blades    | 23 | 23.0

Action                     |  1- 3 |  4- 6 |  7- 9 | 10-12 | 13-15 | 16-18 | 19-21 | 22-24 | 25-27 || total
---------------------------+-------+-------+-------+-------+-------+-------+-------+-------+-------++-------
  Melee: Dagger            |    47 |    72 |   259 |   562 |  1522 |  1094 |   346 |       |       ||  3902
         Punch             |       |     1 |     2 |    12 |    24 |     1 |       |       |       ||    40
         Rapier            |       |       |       |       |       |       |   845 |  1241 |  4863 ||  6949
         Quick blade       |       |       |       |       |       |       |       |       | 11315 || 11315
         Unarmed           |       |       |       |       |       |       |       |       |   784 ||   784
         Falchion          |       |       |       |       |       |       |       |       |   417 ||   417
  Throw: Dart              |       |     1 |     3 |       |       |       |       |       |       ||     4
   Cast: Confusing Touch   |       |     4 |    20 |    54 |   220 |   136 |    29 |     3 |     1 ||   467
         Ensorcelled Hiber |       |       |     7 |     4 |     3 |     5 |       |       |       ||    19
         Tukima's Dance    |       |       |     2 |    11 |     5 |     3 |       |       |       ||    21
         Wereblood         |       |       |       |     4 |       |       |       |       |     5 ||     9
         Fulminant Prism   |       |       |       |       |     5 |    14 |       |       |     3 ||    22
         Passwall          |       |       |       |       |    18 |   125 |     2 |    45 |    61 ||   251
         Enfeeble          |       |       |       |       |       |     2 |     1 |     1 |     2 ||     6
         Yara's Violent Un |       |       |       |       |       |       |       |       |     4 ||     4
         Summon Mana Viper |       |       |       |       |       |       |       |       |     6 ||     6
         Manifold Assault  |       |       |       |       |       |       |       |       |  3402 ||  3402
         Vhi's Electric Ch |       |       |       |       |       |       |       |       |     6 ||     6
         Summon Hydra      |       |       |       |       |       |       |       |       |     4 ||     4
         Borgnjor's Vile C |       |       |       |       |       |       |       |       |     1 ||     1
         Summon Cactus Gia |       |       |       |       |       |       |       |       |     1 ||     1
 Invoke: Curse Item        |       |       |     2 |     5 |     3 |     3 |     3 |       |    11 ||    27
         Shatter the Chain |       |       |       |       |     1 |     3 |     3 |     1 |    10 ||    18
Ability: Evoke Blink       |       |       |       |       |     1 |       |       |       |       ||     1
         Begin Untransform |       |       |       |       |       |       |       |       |     1 ||     1
  Evoke: Wand              |       |       |       |     5 |       |    13 |     3 |     3 |    62 ||    86
         Condenser vane    |       |       |       |       |       |       |       |       |     3 ||     3
         Phantom mirror    |       |       |       |       |       |       |       |       |     2 ||     2
    Use: Scroll            |     1 |     4 |     4 |     4 |     3 |     4 |    10 |     2 |    52 ||    84
         Potion            |       |       |     2 |     7 |       |     1 |     2 |     1 |    63 ||    76
   Stab: Sleeping          |    17 |    15 |    36 |    35 |    60 |   173 |   185 |   132 |   361 ||  1014
         Confused          |       |     3 |    12 |    45 |   211 |   132 |    26 |     7 |     1 ||   437
         Distracted        |       |       |     2 |     1 |     7 |     5 |    12 |    24 |   413 ||   464
         Petrified         |       |       |       |       |       |       |       |       |     1 ||     1
 Armour: Robe              |     4 |     3 |       |       |       |       |       |       |       ||     7
         Leather armour    |       |     7 |    39 |    26 |       |    11 |    68 |    93 |    27 ||   271
         Swamp dragon scal |       |       |       |    92 |   236 |    86 |       |       |       ||   414
         Acid dragon scale |       |       |       |       |       |       |       |       |   480 ||   480
         Troll leather arm |       |       |       |       |       |       |       |       |   354 ||   354
         Ring mail         |       |       |       |       |       |       |       |       |     7 ||     7
  Dodge: Dodged            |    24 |    31 |    91 |   220 |   885 |   508 |   625 |   712 |  5702 ||  8798
  Block: Buckler           |       |       |       |       |       |   235 |   301 |   316 |  3001 ||  3853
   Form: Death             |       |       |       |       |       |       |       |       |     2 ||     2
                           |       |       |       |       |       |       |       |       |     1 ||     1

Table legend: (Time is in decaauts)
 A = Elapsed time spent in this place.
 B = Non-inter-level travel time spent in this place.
 C = Inter-level travel time spent in this place.
 D = Time resting spent in this place.
 E = Time spent auto-exploring this place.
 F = Levels seen in this place.
 G = Mean time per level.
                   A        B        C        D        E       F      G
               +--------+--------+--------+--------+--------+-----+--------+
         Total | 213051 | 201017 |  12034 |  16967 | 139281 | 159 | 1339.9 |
       Dungeon |  25037 |  21007 |   4030 |   1382 |  16337 |  15 | 1669.1 |
        Temple |     43 |     28 |     15 |      0 |     24 |   1 |   43.0 |
          Lair |  11182 |   9930 |   1252 |   1003 |   6537 |   5 | 2236.4 |
        Shoals |   5921 |   5677 |    244 |    864 |   1821 |   4 | 1480.2 |
   Spider Nest |   9406 |   9000 |    406 |   1612 |   4398 |   4 | 2351.5 |
    Slime Pits |   2186 |   2121 |     65 |    531 |    833 |   5 |  437.2 |
  Orcish Mines |   2923 |   2514 |    409 |     61 |   1830 |   2 | 1461.5 |
   Elven Halls |   5495 |   4989 |    506 |     76 |   2699 |   3 | 1831.7 |
        Vaults |  11599 |  10003 |   1596 |    924 |   6675 |   5 | 2319.8 |
         Crypt |   4796 |   4421 |    375 |     80 |   3371 |   3 | 1598.7 |
          Tomb |   5131 |   4443 |    688 |   1060 |   2057 |   3 | 1710.3 |
        Depths |   8745 |   7556 |   1189 |   1681 |   3685 |   4 | 2186.2 |
          Hell |    937 |    741 |    196 |      0 |    505 |   1 |  937.0 |
           Dis |   3835 |   3737 |     98 |   1088 |   1886 |   7 |  547.9 |
       Gehenna |   2791 |   2637 |    154 |    838 |    522 |   7 |  398.7 |
       Cocytus |   2535 |   2474 |     61 |    670 |   1108 |   7 |  362.1 |
      Tartarus |   2313 |   2048 |    265 |     90 |   1169 |   7 |  330.4 |
           Zot |  10514 |  10035 |    479 |   1665 |   5409 |   5 | 2102.8 |
         Abyss |   1533 |   1533 |      0 |    106 |    565 |   7 |  219.0 |
   Pandemonium |  91269 |  91269 |      0 |   2191 |  76461 |  58 | 1573.6 |
        Bailey |    775 |    775 |      0 |    214 |     98 |   1 |  775.0 |
      Ice Cave |    685 |    685 |      0 |      0 |    337 |   1 |  685.0 |
       Volcano |    527 |    527 |      0 |    225 |     23 |   1 |  527.0 |
        Wizlab |    916 |    916 |      0 |    267 |    222 |   1 |  916.0 |
    Desolation |   1242 |   1242 |      0 |     91 |    466 |   1 | 1242.0 |
      Gauntlet |    704 |    704 |      0 |    247 |    241 |   1 |  704.0 |
               +--------+--------+--------+--------+--------+-----+--------+

Top non-repeatable levels by time:
Spider:3: 3626 daAuts
   Zot:1: 3409 daAuts
  Lair:5: 3130 daAuts
Depths:1: 2999 daAuts
   Dis:7: 2785 daAuts
Vaults:2: 2734 daAuts
   Zot:4: 2556 daAuts
    D:15: 2554 daAuts
Vaults:1: 2484 daAuts
Depths:3: 2476 daAuts
  Tomb:1: 2471 daAuts
  Lair:2: 2421 daAuts
Vaults:3: 2387 daAuts
Spider:2: 2315 daAuts
Vaults:5: 2151 daAuts
